 Dungeon Crawl Stone Soup version 0.29.0-15-g675c0067aa (webtiles) character file.

Game seed: 6770285214183133662

383092 qw the Slayer (level 21, -1/217 HPs)
             Began as a Minotaur Berserker on Sept 11, 2022.
             Was a Priest of Trog.
             Killed from afar by a living spell (33 damage)
             ... with an iceblast
             ... summoned by a walking frostbound tome
             ... on level 3 of the Depths.
             The game lasted 00:25:36 (56441 turns).

qw the Slayer (Minotaur Berserker)                 Turns: 56441, Time: 00:25:37

Health: -1/217     AC: 41    Str: 30    XL:     21   Next: 94%
Magic:  20/20      EV: 16    Int: 12    God:    Trog [***...]
Gold:   923        SH: 28    Dex: 11    Spells: 20/20 levels left

rFire   . . .      SeeInvis +   Y - +9 broad axe (freeze)
rCold   . . .      Faith    .   n - +2 tower shield {rN+}
rNeg    + . .      Spirit   .   y - +9 plate armour "Caawnesm" {Int+8}
rPois   .          Reflect  +   (helmet restricted)
rElec   .          Harm     .   i - +2 cloak
rCorr   .          Rampage  .   k - +2 pair of gloves
Will    +....                   a - +2 pair of boots
Stlth   ..........              A - amulet of Rianec {Reflect +Blink SH+5}
HPRegen 0.46/turn               e - ring of see invisible
MPRegen 0.17/turn               o - +4 ring of evasion

@: no status effects
A: horns 2, retaliatory headbutt, sense surroundings 1, weak 1, evolution 1
}: 2/15 runes: serpentine, barnacled
a: Renounce Religion, Evoke Blink, Berserk, Trog's Hand


You were on level 3 of the Depths.
You worshipped Trog.
Trog was most pleased with you.
You visited 7 branches of the dungeon, and saw 37 of its levels.
You visited the Abyss 3 times.
You also visited: Sewer.

You collected 4160 gold pieces.
You spent 3237 gold pieces at shops.


Innate Abilities, Weirdness & Mutations

You have a pair of horns on your head.
You reflexively headbutt those who attack you in melee.
You passively map a small area around you.
You are weak. (Str -2)
You have hidden genetic potential.


   Skills:
 - Level 25.0 Fighting
 + Level 18.0 Axes
 - Level 14.0 Throwing
 - Level 23.0 Armour
 - Level 11.1 Dodging
 - Level 22.1 Shields


You had 20 spell levels left.
You didn't know any spells.
Your spell library was empty.

Inventory:

Hand Weapons
 Y - a +9 broad axe of freezing (weapon)
Missiles
 f - 6 silver boomerangs
 m - 10 javelins (quivered)
 x - 20 boomerangs
Armour
 a - a +2 pair of boots (worn)
 i - a +2 cloak (worn)
 k - a +2 pair of gloves (worn)
 n - a +2 tower shield of positive energy (worn)
 v - the +2 hat of Happiness {rN+}
   (You bought it in a shop on level 3 of the Depths)

   rN:        It protects you from negative energy.
 y - the +9 plate armour "Caawnesm" (worn) {Int+8}
   (You bought it in a shop on level 2 of the Orcish Mines)

   Int:       It affects your intelligence (+8).
Jewellery
 e - a ring of see invisible (left hand)
 l - a ring of protection from fire
 o - a +4 ring of evasion (right hand)
 q - a ring of protection from fire
 z - a +4 ring of protection
 A - the amulet of Rianec (around neck) {Reflect +Blink SH+5}
   (You bought it in a shop on level 2 of the Orcish Mines)

   [amulet of reflection]

   It reflects blocked missile attacks.
   +Blink:    It lets you blink.
   SH:        It affects your SH (+5).
Wands
 c - a wand of digging (5)
Scrolls
 r - 15 scrolls of teleportation
 t - 27 scrolls of identify
 u - 2 scrolls of enchant armour
 w - a scroll of enchant weapon
Potions
 b - 5 potions of haste
 d - 12 potions of curing
 g - 4 potions of heal wounds
 h - 4 potions of cancellation
 j - 6 potions of mutation
 p - 2 potions of might

Dungeon Overview and Level Annotations

Branches:
Dungeon (15/15)            Temple (0/1) D:5            Lair (5/5) D:8
 Shoals (4/4) Lair:2        Snake (4/4) Lair:2        Slime (0/5) Lair:4
    Orc (2/2) D:9             Elf (0/3) Orc:2        Vaults (4/5) D:14
  Crypt (0/3) Vaults:2     Depths (3/4) D:15          Sewer (visited)

Altars:
Cheibriados
Fedhas
Qazlal
Yredelemnul
Jiyva
Lugonu

Shops:
D:13 (   D:15 [   Orc:2 =[[=:   Depths:3 *

Portals:
Hell: Depths:1 Depths:2 Depths:3
Abyss: Depths:2 Depths:3
Pandemonium: Depths:1 Depths:2
Ziggurat: Depths:3

Annotations:
D:11 3 runed translucent doors, qw's ghost, journeyman MiBe
Snake:1 2 transporters, 3 runed translucent doors, qw's ghost, adept MiBe


Message History

56095 ||| DRINKING 6 potions of heal wounds.
You feel much better.
You block the walking frostbound tome's attack. x2
56096 ||| DRINKING 5 potions of heal wounds.
You feel much better.
Your surroundings suddenly seem different.
You start resting.
You feel yourself speed up.
You recover from your berserk rage.
HP restored.
There is an entrance to Gybajufe's Assorted Antiques here.
A walking frostbound tome is nearby!
56436 ||| Stepping ~*~*~tactically~*~*~ (stealth).
The walking frostbound tome's pages rustle loudly.
Throw: javelin (silver)
Press: ? - help, Q - select action, (/) - cycle Shift-Dir - straight line, f - walking frostbound tome You throw a silver javelin.
The silver javelin pierces through the walking frostbound tome!
The walking frostbound tome is lightly damaged.
The walking frostbound tome erupts in a flurry of living spells!
The walking frostbound tome erupts in a flurry of living spells!
The living spell casts itself at you.
The mass of ice explodes!
The iceblast engulfs you!! The living spell casts itself at you.
The mass of ice explodes!
The iceblast engulfs you!!
The walking frostbound tome erupts in a flurry of living spells!
The living spell casts itself at you.
The mass of ice explodes!
The iceblast engulfs you!! The living spell casts itself at you.
The mass of ice explodes!
The iceblast engulfs you!! The living spell casts itself at you.
The mass of ice explodes!
The iceblast engulfs you!!!
The walking frostbound tome erupts in a flurry of living spells!
The living spell casts itself at you.
The mass of ice explodes!
The iceblast engulfs you! The living spell casts itself at you.
The mass of ice explodes!
The iceblast engulfs you!! The living spell casts itself at you.
The mass of ice explodes!
The iceblast engulfs you!!
You die...

###########
##.........####
##.....#.......###
##................#
##.@.#########......
##....#, ,, ###....
##.;...########..##...
##(.*.....**....## ##..
##.*.*.....[;.....#*,#..
#..)###............ ##.
#...# #....#####... #.
#...#,#...## ..#* .,* #.
#...# #...# ,<.# * #.


You could see a walking frostbound tome and 3 living spells.

Vanquished Creatures
  A juggernaut (Depths:3)
  Saint Roka (Orc:2)
  Nikola (Shoals:1)
  A golden dragon (Depths:3)
  3 liches
  2 tentacled starspawn
  A quicksilver dragon (Vaults:4)
  A titan (Vaults:3)
  3 sphinxes
  3 storm dragons
  Gastronok (D:11)
  A shadow dragon (Depths:3)
  A tengu reaver (Vaults:3)
  7 nagarajas
  A fire giant (shapeshifter) (Depths:2)
  5 fire giants
  An iron dragon (Depths:3)
  3 frost giants
  A deep elf sorcerer (Vaults:4)
  9 vault wardens
  A ghost moth (Abyss:2)
  A curse skull (Vaults:2)
  An orc warlord (Vaults:3)
  Aizul (Snake:4)
  16 ironbound preservers
  A spriggan defender (Depths:3)
  12 war gargoyles
  8 stone giants
  An ironbound thunderhulk (Vaults:3)
  10 very ugly things
  An entropy weaver (Vaults:4)
  A deep elf annihilator (Vaults:4)
  2 entropy weavers (shapeshifter)
  10 dire elephants
  A spark wasp (Depths:2)
  5 ettins
  A deep elf death mage (Vaults:2)
  A crystal guardian (Vaults:1)
  Snorg (D:11)
  An eidolon (Abyss:1)
  4 merfolk javelineers (Shoals:4)
  A blizzard demon (Depths:2)
  6 fire dragons
  8 great orbs of eyes
  5 merfolk impalers
  8 yaktaur captains
  4 vault guards
  A hydra (Lair:4)
  2 rakshasas
  7 ice dragons
  5 peacekeepers
  15 boulder beetles
  2 hydras (shapeshifter) (Depths:2)
  4 ogre magi
  A spriggan air mage (Depths:3)
  4 anacondas
  12 ironbound frosthearts
  Erica (D:8)
  16 centaur warriors
  8 merfolk aquamancers
  13 dancing weapons (Depths:2)
  2 merfolk avatars
  A two-headed ogre (shapeshifter) (Depths:2)
  9 death yaks
  8 naga warriors
  4 salamander tyrants (Snake:4)
  20 two-headed ogres
  A satyr (Shoals:3)
  5 tengu warriors
  2 alligator snapping turtles (Shoals:4)
  5 deep troll shamans
  9 shock serpents
  5 deep troll earth magi
  A vampire mage (Depths:3)
  Nergalle (Orc:1)
  A hell knight (Depths:2)
  23 naga sharpshooters
  4 sun demons
  6 skeletal warriors
  A goliath frog (shapeshifter) (Depths:2)
  17 sea snakes
  A sixfirhy (Abyss:1)
  2 iron trolls (Depths:1)
  6 glowing orange brains
  An obsidian statue (Depths:2)
  3 flayed ghosts (Depths:3)
  A steelbarb worm (shapeshifter) (Depths:2)
  69 deep trolls
  3 necromancers
  2 phantasmal warriors (Vaults:4)
  An orange crystal statue (Depths:1)
  5 naga ritualists
  5 wizards
  9 lindwurms
  A tengu zombie (Depths:1)
  8 orc knights
  5 harpies (Shoals:1)
  14 ironbound convokers
  6 mana vipers
  A deep elf pyromancer (D:13)
  6 fauns
  An orc sorcerer (Orc:1)
  18 manticores
  A shining eye (shapeshifter) (Depths:2)
  26 ugly things
  8 salamanders
  A faun (shapeshifter) (Depths:2)
  A wolf spider (shapeshifter) (Depths:2)
  An oklob plant (Lair:4)
  10 cyclopes
  A fire giant zombie (Depths:1)
  11 elephants
  12 vault sentinels
  5 merfolk sirens
  2 guardian serpents
  An eye of devastation (shapeshifter) (Depths:2)
  A guardian serpent (shapeshifter) (Depths:2)
  10 water nymphs
  22 black mambas
  14 naga magi
  12 cane toads
  2 gargoyles
  2 cane toads (shapeshifter)
  A hellion (Depths:1)
  3 kobold demonologists
  39 yaktaurs
  3 molten gargoyles (D:10)
  Psyche (D:8)
  2 efreet (D:15)
  An ice devil (Depths:1)
  3 freezing wraiths
  10 komodo dragons
  3 tengu conjurers
  2 red devils (Depths:1)
  4 ancient zymes (Abyss:2)
  4 rime drakes
  A spriggan skeleton (Depths:1)
  A tormentor (Abyss:2)
  A meliai (shapeshifter) (Depths:2)
  17 trolls
  3 polar bears (Lair:5)
  13 wind drakes
  A queen bee (D:13)
  9 merfolk
  3 hornets
  3 meliai (D:13)
  2 tyrant leeches (Depths:1)
  4 blink frogs (Lair:5)
  11 raiju
  A tarantella (shapeshifter) (Depths:2)
  4 dream sheep (Shoals:3)
  27 slime creatures
  9 snapping turtles
  16 air elementals
  A jumping spider (shapeshifter) (Depths:2)
  2 shadows
  7 flying skulls
  2 ynoxinuls (Abyss:2)
  Sigmund (D:2)
  37 water elementals
  A vampire (D:12)
  3 wyverns
  3 fire elementals (Depths:2)
  4 large abominations (Abyss:2)
  43 yaks
  2 basilisks
  2 wraiths
  A chaos spawn (Depths:1)
  11 vampire mosquitoes
  3 neqoxecs
  4 steam dragons
  A spriggan simulacrum (Depths:1)
  A warg (Orc:2)
  An acid dragon (D:9)
  47 nagas
  12 water moccasins
  Pargi (Sewer)
  2 ice beasts
  2 black bears
  31 orc warriors
  24 ogres
  6 wolves
  4 boggarts
  A tengu (shapeshifter) (Depths:2)
  11 centaurs
  A phantom (D:4)
  9 kobold brigands
  11 bullfrogs
  2 small abominations (Abyss:2)
  A necrophage (D:5)
  8 earth elementals (Depths:2)
  A gnoll sergeant (D:8)
  3 scorpions
  A glowing shapeshifter simulacrum (Depths:1)
  5 wights (D:8)
  21 killer bees (D:13)
  11 electric eels
  5 howler monkeys
  A lava snake (D:10)
  4 starcursed masses
  5 hounds
  2 jellies
  13 orc priests
  A gnoll bouda (Orc:1)
  4 iguanas
  13 orc wizards
  7 hell rats (Lair:4)
  10 gnolls
  4 adders
  A white imp (D:7)
  An ufetubus (Abyss:2)
  3 worms
  4 dart slugs
  64 orcs
  9 ball pythons
  8 bats
  4 endoplasms
  4 giant cockroaches
  8 goblins
  3 hobgoblins
  2 jackals (D:4)
  9 quokkas
  6 frilled lizards
  35 kobolds
  7 rats
  2 ball lightnings (Depths:2)
  2 starspawn tentacles (Abyss:2)
  4 tentacles (Shoals:1)
1478 creatures vanquished.

Vanquished Creatures (collateral kills)
  A titan (Shoals:2)
  A fire giant (Depths:1)
  A frost giant (Depths:1)
  A draconian shifter (Abyss:2)
  A stone giant (Vaults:4)
  2 ettins
  2 merfolk impalers
  A boulder beetle (Depths:1)
  4 hydras
  2 merfolk avatars
  A deep troll shaman (Depths:1)
  A sun demon (Shoals:1)
  3 deep troll earth magi
  An iron troll (Depths:1)
  A deep troll (Vaults:4)
  An ironbound convoker (Vaults:4)
  3 ugly things (Depths:1)
  2 water nymphs (Shoals:1)
  A gargoyle (D:14)
  A freezing wraith (Abyss:2)
  A yaktaur (Vaults:3)
  2 tyrant leeches (Depths:1)
  A snapping turtle (Shoals:4)
  An air elemental (Shoals:4)
  A yak (Lair:3)
  An orc warrior (Orc:2)
  4 ogres (Orc:2)
  2 earth elementals (Depths:2)
44 creatures vanquished.

Vanquished Creatures (others)
  An ugly thing (Depths:2)
  A black mamba (Snake:1)
  A molten gargoyle (D:10)
  4 water elementals (Depths:2)
  A golden eye (Abyss:2)
  A floating eye (shapeshifter) (Depths:2)
  5 ball lightnings (Depths:2)
  A bush (Lair:5)
  30 fungi
  98 plants
  6 starspawn tentacles
  16 tentacles (Shoals:1)
  4 withered plants (Depths:1)
169 creatures vanquished.

Grand Total: 1691 creatures vanquished

Notes
Turn   | Place    | Note
-------+----------+-------------------------------------------
     0 | D:1      | qw the Minotaur Berserker began the quest for the Orb.
     0 | D:1      | Reached XP level 1. HP: 19/19 MP: 0/0
     0 | D:1      | 0 ||| qw: Version: 0.1-a-119-g272c26d
     0 | D:1      | 0 ||| qw: Game counter: 10633
     0 | D:1      | 0 ||| qw: Always use a shield: true
     0 | D:1      | 0 ||| qw: Do Orc after D:15 true
     0 | D:1      | 0 ||| qw: Do second Lair branch before Depths: true
     0 | D:1      | 0 ||| qw: Lair rune preference: random
     0 | D:1      | 0 ||| qw: Plans: Normal
     0 | D:1      | 0 ||| PLANNING D:1-11
   377 | D:1      | Reached XP level 2. HP: 24/26 MP: 1/1
  1142 | D:1      | 1142 ||| UPGRADING to +0 ring mail.
  1152 | D:1      | 1152 ||| DROPPING +0 animal skin.
  1153 | D:1      | 1153 ||| UPGRADING to +0 cloak.
  1158 | D:1      | 1158 ||| UPGRADING to +2 cloak.
  1168 | D:1      | 1168 ||| DROPPING +0 cloak.
  1169 | D:1      | 1169 ||| UPGRADING to amulet of regeneration.
  1174 | D:1      | 1174 ||| READING scroll labelled QUESME DOHO.
  1237 | D:2      | Reached XP level 3. HP: 31/31 MP: 2/2
  1305 | D:2      | 1305 ||| DROPPING +0 club.
  1343 | D:2      | Reached ** piety under Trog
  1472 | D:2      | Found a faded altar of an unknown god.
  1637 | D:2      | 1637 ||| INVOKING Berserk.
  1854 | D:2      | Noticed Sigmund
  1855 | D:2      | 1855 ||| INVOKING Berserk.
  1858 | D:2      | Killed Sigmund
  1859 | D:2      | Reached XP level 4. HP: 39/39 MP: 3/3
  1859 | D:2      | Reached XP level 5. HP: 45/45 MP: 4/4
  1980 | D:2      | 1980 ||| FLEEEEING.
  1986 | D:2      | 1986 ||| Stepping ~*~*~tactically~*~*~ (hiding).
  2493 | D:2      | 2493 ||| UPGRADING to +2 pair of boots.
  2498 | D:2      | 2498 ||| UPGRADING to ring of see invisible.
  2499 | D:2      | 2499 ||| READING scroll labelled DYLLOPLISI LUSM.
  2500 | D:2      | 2500 ||| READING 2 scrolls labelled KAAGGO XOED.
  2521 | D:3      | 2521 ||| PLANNING SEWER
  2590 | D:3      | 2590 ||| Stepping ~*~*~tactically~*~*~ (stealth).
  2608 | D:3      | 2608 ||| Stepping ~*~*~tactically~*~*~ (stealth).
  2660 | D:3      | Reached skill level 4 in Fighting
  2952 | D:3      | Found a glowing drain.
  2953 | D:3      | 2953 ||| UPGRADING to +0 buckler.
  2958 | D:3      | 2958 ||| READING scroll labelled SAHENO YTWEBLYNUO.
  2959 | D:3      | 2959 ||| READING scroll labelled AVUVAL QUPHE.
  2960 | D:3      | 2960 ||| DRINKING 2 cyan potions.
  2964 | Sewer    | Entered a sewer
  2989 | Sewer    | 2989 ||| Stepping ~*~*~tactically~*~*~ (water).
  3034 | Sewer    | Noticed Pargi
  3047 | Sewer    | Killed Pargi
  3048 | Sewer    | Reached XP level 6. HP: 52/52 MP: 5/5
  3089 | Sewer    | 3089 ||| READING scroll labelled XODUVUE POTO.
  3090 | Sewer    | 3090 ||| READING scroll labelled RASIPSOMEI.
  3091 | Sewer    | 3091 ||| DRINKING 2 emerald potions.
  3099 | D:3      | 3099 ||| PLANNING D:1-11
  3259 | D:3      | 3259 ||| DRINKING 2 white potions.
  3302 | D:4      | 3302 ||| STAIRDANCE
  3376 | D:4      | Reached *** piety under Trog
  3724 | D:4      | 3724 ||| UPGRADING to +0 scale mail.
  3734 | D:4      | 3734 ||| DROPPING +0 ring mail.
  3735 | D:4      | 3735 ||| READING 3 scrolls labelled LIULAO UZUXINAZ.
  3836 | D:4      | 3836 ||| READING scroll labelled TEAJYI DIDENOO.
  3837 | D:4      | 3837 ||| READING scroll labelled VUURCH MIG NOO.
  3838 | D:4      | 3838 ||| DROPPING 2 scrolls of silence.
  3850 | D:5      | Entered Level 5 of the Dungeon
  3851 | D:5      | 3851 ||| STAIRDANCE
  3856 | D:5      | 3856 ||| STAIRDANCE
  3858 | D:4      | 3858 ||| INVOKING Berserk.
  3968 | D:5      | Reached XP level 7. HP: 59/59 MP: 6/6
  4029 | D:5      | 4029 ||| INVOKING Berserk.
  4032 | D:5      | Reached skill level 9 in Axes
  4165 | D:5      | Reached skill level 3 in Shields
  4187 | D:5      | Reached skill level 5 in Fighting
  4317 | D:5      | Found a staircase to the Ecumenical Temple.
  4406 | D:5      | Found a snail-covered altar of Cheibriados.
  4576 | D:5      | 4576 ||| INVOKING Berserk.
  4580 | D:5      | Reached skill level 1 in Throwing
  4580 | D:5      | Reached XP level 8. HP: 68/68 MP: 7/7
  4825 | D:5      | 4825 ||| UPGRADING to +0 chain mail.
  4835 | D:5      | 4835 ||| DROPPING +0 scale mail.
  4836 | D:5      | 4836 ||| UPGRADING to ring of positive energy.
  4837 | D:5      | 4837 ||| DRINKING 2 smoky coppery potions.
  4864 | D:5      | 4864 ||| READING 5 scrolls of identify.
  4864 | D:5      | 4864 ||| IDENTIFYING golden potion
  4865 | D:5      | 4865 ||| READING 4 scrolls of identify.
  4865 | D:5      | 4865 ||| IDENTIFYING bubbling sapphire potion
  4866 | D:5      | 4866 ||| READING 3 scrolls of identify.
  4866 | D:5      | 4866 ||| IDENTIFYING fuming purple potion
  4867 | D:5      | 4867 ||| READING 2 scrolls of identify.
  4867 | D:5      | 4867 ||| IDENTIFYING glowing inky potion
  4868 | D:5      | 4868 ||| DROPPING potion of degeneration.
  4869 | D:5      | 4869 ||| DROPPING potion of lignification.
  4928 | D:6      | Reached skill level 3 in Armour
  5164 | D:6      | 5164 ||| INVOKING Berserk.
  5474 | D:6      | Reached skill level 6 in Fighting
  6229 | D:6      | 6229 ||| DRINKING 3 clear potions.
  6230 | D:6      | 6230 ||| DROPPING 2 potions of flight.
  6418 | D:7      | 6418 ||| DROPPING +0 flail.
  6435 | D:7      | 6435 ||| SWAPPING to +0 war axe.
  6436 | D:7      | 6436 ||| DROPPING +0 hand axe.
  6518 | D:7      | You fall into a shaft and drop 1 floor!
  6536 | D:8      | 6536 ||| Stepping ~*~*~tactically~*~*~ (hiding).
  6603 | D:8      | Found a staircase to the Lair.
  7355 | D:7      | Reached skill level 12 in Axes
  7534 | D:8      | Noticed Erica
  7538 | D:8      | 7538 ||| INVOKING Berserk.
  7549 | D:8      | Killed Erica
  7550 | D:8      | Reached skill level 8 in Fighting
  7550 | D:8      | Reached XP level 9. HP: 57/82 MP: 8/8
  7691 | D:8      | 7691 ||| INVOKING Berserk.
  7835 | D:8      | 7835 ||| Stepping ~*~*~tactically~*~*~ (hiding).
  7870 | D:8      | 7870 ||| Stepping ~*~*~tactically~*~*~ (hiding).
  7873 | D:8      | 7873 ||| INVOKING Berserk.
  7996 | D:8      | 7996 ||| Stepping ~*~*~tactically~*~*~ (hiding).
  7998 | D:8      | 7998 ||| INVOKING Berserk.
  8140 | D:8      | Noticed a boulder beetle
  8148 | D:8      | 8148 ||| INVOKING Berserk.
  8172 | D:8      | Killed a boulder beetle
  8173 | D:8      | Reached skill level 6 in Shields
  8173 | D:8      | Reached XP level 10. HP: 32/89 MP: 9/9
  8319 | D:8      | 8319 ||| Stepping ~*~*~tactically~*~*~ (hiding).
  8348 | D:8      | Noticed Psyche
  8352 | D:8      | 8352 ||| INVOKING Berserk.
  8352 | Abyss:1  | Cast into level 1 of the Abyss (Psyche)
  8381 | Abyss:1  | 8381 ||| READING 3 scrolls of identify.
  8381 | Abyss:1  | 8381 ||| IDENTIFYING viscous golden potion
  8382 | Abyss:1  | 8382 ||| READING 2 scrolls of identify.
  8382 | Abyss:1  | 8382 ||| IDENTIFYING fuming puce potion
  8383 | Abyss:1  | 8383 ||| DROPPING potion of magic.
  8384 | Abyss:1  | 8384 ||| DROPPING potion of brilliance.
  8401 | Abyss:1  | Noticed an eidolon
  8412 | Abyss:1  | 8412 ||| INVOKING Berserk.
  8418 | Abyss:1  | Killed an eidolon
  8422 | Abyss:1  | 8422 ||| INVOKING Trog's Hand.
  8425 | Abyss:1  | Noticed a sixfirhy
  8430 | Abyss:1  | HP: 22/89 [sixfirhy (10)]
  8431 | Abyss:1  | 8431 ||| READING 3 scrolls of teleportation.
  8431 | Abyss:1  | HP: 8/89 [sixfirhy (11)]
  8431 | Abyss:1  | Noticed a bone dragon
  8432 | Abyss:1  | 8432 ||| DRINKING 3 potions of heal wounds.
  8435 | Abyss:1  | Killed a sixfirhy
  8436 | Abyss:1  | 8436 ||| DRINKING 2 potions of heal wounds.
  8447 | Abyss:1  | 8447 ||| INVOKING Trog's Hand.
  8469 | Abyss:1  | 8469 ||| Stepping ~*~*~tactically~*~*~ (stealth).
  8471 | Abyss:1  | 8471 ||| Stepping ~*~*~tactically~*~*~ (stealth).
  8472 | Abyss:1  | 8472 ||| Stepping ~*~*~tactically~*~*~ (stealth).
  8481 | Abyss:1  | 8481 ||| Stepping ~*~*~tactically~*~*~ (stealth).
  8483 | Abyss:1  | Noticed a starcursed mass
  8488 | Abyss:1  | Reached skill level 6 in Armour
  8496 | Abyss:1  | 8496 ||| INVOKING Berserk.
  8499 | Abyss:1  | Reached skill level 15 in Axes
  8500 | D:8      | Escaped the Abyss
  8504 | D:8      | Killed a starcursed mass
  8506 | D:8      | Reached skill level 9 in Fighting
  8515 | D:8      | 8515 ||| DRINKING potion of cancellation.
  8515 | D:8      | HP: 9/91 [disintegration (15)]
  8516 | D:8      | 8516 ||| READING 2 scrolls of teleportation.
  8516 | D:8      | HP: 4/91 [Psyche/chain of chaos (6)]
  8516 | D:8      | HP: 1/91 [kobold brigand/+0 short sword (3)]
  8517 | D:8      | 8517 ||| DRINKING potion of heal wounds.
  8517 | Abyss:2  | Cast into level 2 of the Abyss (Psyche)
  8518 | Abyss:2  | 8518 ||| INVOKING Trog's Hand.
  8534 | Abyss:2  | 8534 ||| INVOKING Trog's Hand.
  8593 | Abyss:2  | 8593 ||| Stepping ~*~*~tactically~*~*~ (stealth).
  8594 | Abyss:2  | 8594 ||| Stepping ~*~*~tactically~*~*~ (stealth).
  8595 | Abyss:2  | 8595 ||| Stepping ~*~*~tactically~*~*~ (stealth).
  8600 | Abyss:2  | 8600 ||| Stepping ~*~*~tactically~*~*~ (stealth).
  8603 | Abyss:2  | 8603 ||| Stepping ~*~*~tactically~*~*~ (stealth).
  8604 | Abyss:2  | 8604 ||| Stepping ~*~*~tactically~*~*~ (stealth).
  8614 | Abyss:2  | 8614 ||| INVOKING Berserk.
  8616 | Abyss:2  | Reached skill level 3 in Dodging
  8621 | Abyss:2  | 8621 ||| INVOKING Trog's Hand.
  8638 | Abyss:2  | 8638 ||| Stepping ~*~*~tactically~*~*~ (stealth).
  8649 | Abyss:2  | 8649 ||| INVOKING Trog's Hand.
  8679 | Abyss:2  | Noticed a red very ugly thing
  8680 | Abyss:2  | 8680 ||| Stepping ~*~*~tactically~*~*~ (stealth).
  8681 | Abyss:2  | Noticed a tentacled starspawn
  8682 | Abyss:2  | 8682 ||| Stepping ~*~*~tactically~*~*~ (stealth).
  8689 | Abyss:2  | 8689 ||| INVOKING Berserk.
  8695 | Abyss:2  | Killed a red very ugly thing
  8696 | Abyss:2  | Reached XP level 11. HP: 37/97 MP: 10/10
  8698 | D:8      | Escaped the Abyss
  8698 | D:8      | HP: 36/145 [kobold brigand/+0 short sword (1)]
  8700 | D:8      | Killed a tentacled starspawn
  8709 | D:8      | 8709 ||| READING scroll of teleportation.
  8711 | D:8      | HP: 18/97 [Psyche/+3 dagger of distortion (3)]
  8711 | D:8      | HP: 6/97 [Psyche/+3 dagger of distortion (12)]
  8791 | D:8      | 8791 ||| INVOKING Berserk.
  8794 | D:8      | Killed Psyche
  9105 | D:8      | 9105 ||| INVOKING Berserk.
  9221 | D:8      | 9221 ||| READING 2 scrolls of identify.
  9221 | D:8      | 9221 ||| IDENTIFYING fizzy yellow potion
  9222 | D:8      | 9222 ||| DROPPING potion of ambrosia.
  9262 | D:9      | 9262 ||| Stepping ~*~*~tactically~*~*~ (hiding).
  9441 | D:9      | Found a staircase to the Orcish Mines.
  9494 | D:9      | Noticed a two-headed ogre
  9496 | D:9      | 9496 ||| INVOKING Berserk.
  9500 | D:9      | Killed a two-headed ogre
  9634 | D:9      | 9634 ||| Stepping ~*~*~tactically~*~*~ (stealth).
  9648 | D:9      | 9648 ||| Stepping ~*~*~tactically~*~*~ (stealth).
  9649 | D:9      | Noticed a two-headed ogre
  9653 | D:9      | 9653 ||| INVOKING Berserk.
  9660 | D:9      | Killed a two-headed ogre
  9661 | D:9      | Reached skill level 10 in Fighting
  9784 | D:9      | 9784 ||| Stepping ~*~*~tactically~*~*~ (hiding).
  9785 | D:9      | 9785 ||| Stepping ~*~*~tactically~*~*~ (hiding).
  9787 | D:9      | 9787 ||| INVOKING Berserk.
  9800 | D:9      | 9800 ||| Stepping ~*~*~tactically~*~*~ (hiding).
  9961 | D:9      | 9961 ||| Stepping ~*~*~tactically~*~*~ (stealth).
  9962 | D:9      | 9962 ||| Stepping ~*~*~tactically~*~*~ (stealth).
  9965 | D:9      | 9965 ||| INVOKING Berserk.
 10248 | D:9      | 10248 ||| Stepping ~*~*~tactically~*~*~ (hiding).
 10250 | D:9      | 10250 ||| INVOKING Berserk.
 10407 | D:9      | Reached **** piety under Trog
 10496 | D:9      | 10496 ||| INVOKING Berserk.
 10732 | D:9      | 10732 ||| READING scroll labelled MIBLOS HIRU.
 10733 | D:9      | 10733 ||| READING 2 scrolls of identify.
 10733 | D:9      | 10733 ||| IDENTIFYING blue potion
 10734 | D:9      | 10734 ||| DRINKING potion of experience.
 10734 | D:9      | Reached skill level 14 in Fighting
 10734 | D:9      | Reached XP level 12. HP: 117/117 MP: 11/11
 10756 | D:10     | Entered Level 10 of the Dungeon
 10756 | D:10     | Noticed a two-headed ogre
 10761 | D:10     | Killed a two-headed ogre
 10762 | D:10     | 10762 ||| STAIRDANCE
 10829 | D:10     | 10829 ||| FLEEEEING.
 10830 | D:10     | 10830 ||| INVOKING Berserk.
 10838 | D:10     | HP: 42/175 [molten gargoyle/+0 mace (8)]
 10840 | D:10     | HP: 17/175 [molten gargoyle/+0 mace (12)]
 10842 | D:10     | Reached skill level 9 in Armour
 10927 | D:10     | Noticed a two-headed ogre
 10941 | D:10     | Killed a two-headed ogre
 11079 | D:10     | Noticed a centaur warrior
 11089 | D:10     | Killed a centaur warrior
 11196 | D:10     | 11196 ||| Stepping ~*~*~tactically~*~*~ (hiding).
 11446 | D:10     | 11446 ||| Stepping ~*~*~tactically~*~*~ (stealth).
 11478 | D:10     | 11478 ||| Stepping ~*~*~tactically~*~*~ (stealth).
 11487 | D:10     | 11487 ||| Stepping ~*~*~tactically~*~*~ (stealth).
 11666 | D:10     | 11666 ||| UPGRADING to +2 pair of gloves.
 11671 | D:10     | 11671 ||| DROPPING +1 pair of boots.
 11672 | D:10     | 11672 ||| DROPPING ring of see invisible.
 11673 | D:10     | 11673 ||| UPGRADING to +4 ring of evasion.
 11675 | D:10     | 11675 ||| READING 3 scrolls of identify.
 11675 | D:10     | 11675 ||| IDENTIFYING puce potion
 11721 | D:11     | Noticed a boulder beetle
 11722 | D:11     | Noticed a boulder beetle
 11726 | D:11     | 11726 ||| INVOKING Berserk.
 11735 | D:11     | Killed a boulder beetle
 11736 | D:11     | Reached XP level 13. HP: 124/124 MP: 12/12
 11753 | D:11     | HP: 25/124 [boulder beetle (15)]
 11754 | D:11     | 11754 ||| READING 2 scrolls of teleportation.
 11758 | D:11     | 11758 ||| READING scroll of teleportation.
 11762 | D:11     | HP: 31/124 [vampire mosquito (2)]
 11768 | D:11     | HP: 13/124 [vampire mosquito (7)]
 11773 | D:11     | HP: 14/124 [vampire mosquito (3)]
 11803 | D:11     | 11803 ||| Stepping ~*~*~tactically~*~*~ (stealth).
 11885 | D:11     | 11885 ||| Stepping ~*~*~tactically~*~*~ (stealth).
 11887 | D:11     | 11887 ||| Stepping ~*~*~tactically~*~*~ (stealth).
 11899 | D:11     | 11899 ||| INVOKING Berserk.
 11924 | D:11     | Reached skill level 3 in Throwing
 11999 | D:11     | 11999 ||| Stepping ~*~*~tactically~*~*~ (stealth).
 12000 | D:11     | 12000 ||| Stepping ~*~*~tactically~*~*~ (stealth).
 12114 | D:11     | Noticed Gastronok
 12115 | D:11     | 12115 ||| Stepping ~*~*~tactically~*~*~ (hiding).
 12116 | D:11     | 12116 ||| Stepping ~*~*~tactically~*~*~ (hiding).
 12119 | D:11     | 12119 ||| INVOKING Berserk.
 12126 | D:11     | Killed Gastronok
 12175 | D:11     | Noticed Snorg
 12176 | D:11     | 12176 ||| Stepping ~*~*~tactically~*~*~ (stealth).
 12177 | D:11     | 12177 ||| INVOKING Berserk.
 12187 | D:11     | Killed Snorg
 12188 | D:11     | Reached skill level 9 in Shields
 12419 | D:11     | Reached skill level 6 in Dodging
 12493 | D:11     | 12493 ||| INVOKING Berserk.
 12510 | D:11     | 12510 ||| Stepping ~*~*~tactically~*~*~ (stealth).
 12831 | D:11     | Found a runed translucent gate.
 12831 | D:11     | Found a runed translucent gate.
 12832 | D:11     | Found a runed translucent gate.
 12832 | D:11     | Noticed qw's ghost (journeyman MiBe)
 13384 | D:11     | 13384 ||| PLANNING LAIR
 13384 | D:11     | 13384 ||| PLANNING LAIR
 13384 | D:11     | 13384 ||| PLANNING LAIR
 13384 | D:11     | 13384 ||| PLANNING LAIR
 13480 | D:8      | 13480 ||| PLANNING LAIR
 13480 | D:8      | 13480 ||| READING scroll labelled AMINOA IDATIH.
 13482 | Lair:1   | Entered Level 1 of the Lair of Beasts
 13487 | Lair:1   | 13487 ||| PLANNING LAIR
 13489 | Lair:1   | Reached skill level 12 in Armour
 13525 | Lair:1   | 13525 ||| Stepping ~*~*~tactically~*~*~ (hiding).
 13585 | Lair:1   | 13585 ||| Stepping ~*~*~tactically~*~*~ (stealth).
 13587 | Lair:1   | 13587 ||| Stepping ~*~*~tactically~*~*~ (stealth).
 13588 | Lair:1   | 13588 ||| Stepping ~*~*~tactically~*~*~ (stealth).
 13769 | Lair:1   | Identified the +7 scale mail "Vuphennu" {Dex+4}
 14065 | Lair:1   | 14065 ||| UPGRADING to +7 scale mail "Vuphennu" {Dex+4}.
 14075 | Lair:1   | 14075 ||| DROPPING +0 chain mail.
 14185 | Lair:2   | 14185 ||| Stepping ~*~*~tactically~*~*~ (stealth).
 14205 | Lair:2   | 14205 ||| Stepping ~*~*~tactically~*~*~ (stealth).
 14234 | Lair:2   | Reached ***** piety under Trog
 14342 | Lair:2   | 14342 ||| Stepping ~*~*~tactically~*~*~ (hiding).
 14716 | Lair:2   | 14716 ||| INVOKING Berserk.
 14857 | Lair:2   | Found a staircase to the Snake Pit.
 14985 | Lair:2   | Found a staircase to the Shoals.
 15257 | Lair:3   | 15257 ||| INVOKING Brothers in Arms.
 15258 | Lair:3   | 15258 ||| INVOKING Brothers in Arms.
 15259 | Lair:3   | 15259 ||| INVOKING Brothers in Arms.
 15260 | Lair:3   | 15260 ||| INVOKING Brothers in Arms.
 15261 | Lair:3   | 15261 ||| SWAPPING to +0 morningstar.
 15262 | Lair:3   | 15262 ||| INVOKING Berserk.
 15266 | Lair:3   | 15266 ||| SWAPPING to +1 war axe.
 15482 | Lair:3   | 15482 ||| Stepping ~*~*~tactically~*~*~ (stealth).
 15485 | Lair:3   | 15485 ||| Stepping ~*~*~tactically~*~*~ (stealth).
 15486 | Lair:3   | 15486 ||| INVOKING Berserk.
 15501 | Lair:3   | Reached skill level 9 in Dodging
 15503 | Lair:3   | 15503 ||| INVOKING Brothers in Arms.
 15504 | Lair:3   | 15504 ||| SWAPPING to +0 morningstar.
 15505 | Lair:3   | 15505 ||| SWAPPING to +1 war axe.
 15509 | Lair:3   | Reached skill level 15 in Fighting
 15684 | Lair:3   | 15684 ||| INVOKING Berserk.
 15936 | Lair:3   | 15936 ||| DROPPING +1 flail of holy wrath.
 16150 | Lair:3   | 16150 ||| READING scroll labelled MISIFE QESUOQI.
 16200 | Lair:4   | 16200 ||| INVOKING Berserk.
 16348 | Lair:4   | 16348 ||| Stepping ~*~*~tactically~*~*~ (stealth).
 16359 | Lair:4   | 16359 ||| Stepping ~*~*~tactically~*~*~ (stealth).
 16494 | Lair:4   | Reached XP level 14. HP: 135/135 MP: 13/13
 16539 | Lair:4   | 16539 ||| Stepping ~*~*~tactically~*~*~ (hiding).
 16561 | Lair:4   | Found a staircase to the Slime Pits.
 16561 | Lair:4   | Found a viscous altar of Jiyva.
 16579 | Lair:4   | 16579 ||| Stepping ~*~*~tactically~*~*~ (stealth).
 16580 | Lair:4   | 16580 ||| Stepping ~*~*~tactically~*~*~ (stealth).
 16603 | Lair:4   | 16603 ||| Stepping ~*~*~tactically~*~*~ (stealth).
 16605 | Lair:4   | 16605 ||| Stepping ~*~*~tactically~*~*~ (stealth).
 16708 | Lair:4   | 16708 ||| FLEEEEING.
 16744 | Lair:4   | 16744 ||| INVOKING Berserk.
 16893 | Lair:4   | 16893 ||| READING scroll of enchant weapon.
 16893 | Lair:4   | 16893 ||| ENCHANTING +1 war axe.
 16968 | Lair:4   | 16968 ||| INVOKING Brothers in Arms.
 16971 | Lair:4   | 16971 ||| SWAPPING to +0 morningstar.
 16973 | Lair:4   | 16973 ||| FLEEEEING.
 16974 | Lair:4   | 16974 ||| FLEEEEING.
 16975 | Lair:4   | 16975 ||| FLEEEEING.
 16976 | Lair:4   | 16976 ||| FLEEEEING.
 16977 | Lair:4   | 16977 ||| FLEEEEING.
 16978 | Lair:4   | 16978 ||| FLEEEEING.
 16979 | Lair:4   | 16979 ||| SWAPPING to +2 war axe.
 16980 | Lair:4   | 16980 ||| INVOKING Brothers in Arms.
 16981 | Lair:4   | 16981 ||| SWAPPING to +0 morningstar.
 16982 | Lair:4   | 16982 ||| INVOKING Berserk.
 16985 | Lair:4   | Reached skill level 16 in Fighting
 17009 | Lair:4   | 17009 ||| SWAPPING to +2 war axe.
 17157 | Lair:4   | 17157 ||| Stepping ~*~*~tactically~*~*~ (stealth).
 17159 | Lair:4   | 17159 ||| Stepping ~*~*~tactically~*~*~ (stealth).
 17160 | Lair:4   | 17160 ||| INVOKING Berserk.
 17659 | Lair:5   | Entered Level 5 of the Lair of Beasts
 17681 | Lair:5   | 17681 ||| Stepping ~*~*~tactically~*~*~ (stealth).
 17682 | Lair:5   | 17682 ||| Stepping ~*~*~tactically~*~*~ (stealth).
 17770 | Lair:5   | 17770 ||| Stepping ~*~*~tactically~*~*~ (stealth).
 17795 | Lair:5   | 17795 ||| Stepping ~*~*~tactically~*~*~ (stealth).
 17832 | Lair:5   | Reached skill level 17 in Fighting
 17938 | Lair:5   | 17938 ||| INVOKING Berserk.
 17983 | Lair:5   | 17983 ||| Stepping ~*~*~tactically~*~*~ (stealth).
 18014 | Lair:5   | 18014 ||| Stepping ~*~*~tactically~*~*~ (stealth).
 18047 | Lair:5   | 18047 ||| INVOKING Brothers in Arms.
 18051 | Lair:5   | 18051 ||| SWAPPING to +0 morningstar.
 18052 | Lair:5   | 18052 ||| INVOKING Berserk.
 18057 | Lair:5   | 18057 ||| SWAPPING to +2 war axe.
 18142 | Lair:5   | 18142 ||| Stepping ~*~*~tactically~*~*~ (stealth).
 18143 | Lair:5   | 18143 ||| Stepping ~*~*~tactically~*~*~ (stealth).
 18165 | Lair:5   | 18165 ||| Stepping ~*~*~tactically~*~*~ (stealth).
 18181 | Lair:5   | 18181 ||| Stepping ~*~*~tactically~*~*~ (hiding).
 18183 | Lair:5   | 18183 ||| INVOKING Berserk.
 18204 | Lair:5   | 18204 ||| Stepping ~*~*~tactically~*~*~ (stealth).
 18236 | Lair:5   | 18236 ||| Stepping ~*~*~tactically~*~*~ (stealth).
 18398 | Lair:5   | Found the +8 trident of the Octopus King {venom, rElec
                  | rPois}
 18400 | Lair:5   | 18400 ||| INVOKING Trog's Hand.
 18406 | Lair:5   | 18406 ||| Stepping ~*~*~tactically~*~*~ (water).
 18418 | Lair:5   | Reached skill level 18 in Fighting
 18524 | Lair:5   | 18524 ||| Stepping ~*~*~tactically~*~*~ (stealth).
 18642 | Lair:5   | 18642 ||| INVOKING Berserk.
 18830 | Lair:5   | 18830 ||| INVOKING Brothers in Arms.
 18832 | Lair:5   | 18832 ||| SWAPPING to +0 morningstar.
 18834 | Lair:5   | 18834 ||| INVOKING Berserk.
 18841 | Lair:5   | 18841 ||| SWAPPING to +2 war axe.
 19179 | Lair:5   | 19179 ||| PLANNING D
 19179 | Lair:5   | 19179 ||| DRINKING 2 gluggy blue potions.
 19284 | Lair:5   | 19284 ||| DROPPING potion of berserk rage.
 19563 | D:12     | Found a blossoming altar of Fedhas.
 19581 | D:12     | 19581 ||| Stepping ~*~*~tactically~*~*~ (hiding).
 19582 | D:12     | 19582 ||| Stepping ~*~*~tactically~*~*~ (hiding).
 19583 | D:12     | 19583 ||| Stepping ~*~*~tactically~*~*~ (hiding).
 19750 | D:12     | 19750 ||| FLEEEEING.
 19797 | D:12     | 19797 ||| INVOKING Berserk.
 20011 | D:12     | 20011 ||| Stepping ~*~*~tactically~*~*~ (stealth).
 20316 | D:12     | 20316 ||| INVOKING Berserk.
 20325 | D:12     | Reached XP level 15. HP: 150/150 MP: 14/14
 20791 | D:12     | 20791 ||| UPGRADING to +0 tower shield.
 20801 | D:12     | 20801 ||| DROPPING +0 buckler.
 20837 | D:13     | Found Joeqid's Antique Weapon Emporium.
 20848 | D:13     | 20848 ||| Stepping ~*~*~tactically~*~*~ (hiding).
 20879 | D:13     | 20879 ||| FLEEEEING.
 20880 | D:13     | 20880 ||| FLEEEEING.
 20881 | D:13     | 20881 ||| STAIRDANCE
 21020 | D:13     | 21020 ||| Stepping ~*~*~tactically~*~*~ (water).
 21178 | D:13     | 21178 ||| Stepping ~*~*~tactically~*~*~ (stealth).
 21181 | D:13     | 21181 ||| Stepping ~*~*~tactically~*~*~ (stealth).
 21186 | D:13     | 21186 ||| Stepping ~*~*~tactically~*~*~ (hiding).
 21190 | D:13     | 21190 ||| FLEEEEING.
 21208 | D:13     | 21208 ||| FLEEEEING.
 21209 | D:13     | 21209 ||| FLEEEEING.
 21210 | D:13     | 21210 ||| FLEEEEING.
 21211 | D:13     | 21211 ||| FLEEEEING.
 21229 | D:13     | 21229 ||| Stepping ~*~*~tactically~*~*~ (stealth).
 21242 | D:13     | Reached skill level 12 in Shields
 21313 | D:13     | 21313 ||| Stepping ~*~*~tactically~*~*~ (hiding).
 21354 | D:13     | 21354 ||| INVOKING Berserk.
 21707 | D:13     | 21707 ||| DROPPING ring of resist corrosion.
 21708 | D:13     | 21708 ||| DROPPING ring of positive energy.
 21709 | D:13     | 21709 ||| READING scroll labelled QIF DUEPIOLOBA.
 21793 | D:14     | 21793 ||| INVOKING Berserk.
 21933 | D:14     | Found a frozen archway.
 21981 | D:14     | 21981 ||| Stepping ~*~*~tactically~*~*~ (hiding).
 22062 | D:14     | 22062 ||| INVOKING Brothers in Arms.
 22064 | D:14     | 22064 ||| INVOKING Trog's Hand.
 22066 | D:14     | 22066 ||| INVOKING Berserk.
 22201 | D:14     | 22201 ||| DROPPING +0 morningstar.
 22221 | D:14     | 22221 ||| Stepping ~*~*~tactically~*~*~ (stealth).
 22222 | D:14     | 22222 ||| Stepping ~*~*~tactically~*~*~ (hiding).
 22223 | D:14     | 22223 ||| INVOKING Berserk.
 22240 | D:14     | Received a gift from Trog
 22386 | D:14     | 22386 ||| Stepping ~*~*~tactically~*~*~ (hiding).
 22635 | D:14     | 22635 ||| Stepping ~*~*~tactically~*~*~ (hiding).
 22652 | D:14     | 22652 ||| Stepping ~*~*~tactically~*~*~ (hiding).
 22971 | D:14     | 22971 ||| SWAPPING to +5 broad axe of flaming.
 22972 | D:14     | 22972 ||| DROPPING +2 morningstar of venom.
 22973 | D:14     | 22973 ||| DROPPING +2 war axe.
 22986 | D:14     | Found a gate to the Vaults.
 23013 | D:15     | Entered Level 15 of the Dungeon
 23096 | D:15     | Found Hoerres's Armour Shop.
 23245 | D:15     | 23245 ||| Stepping ~*~*~tactically~*~*~ (hiding).
 23248 | D:15     | 23248 ||| Stepping ~*~*~tactically~*~*~ (hiding).
 23252 | D:15     | 23252 ||| INVOKING Berserk.
 23363 | D:15     | 23363 ||| Stepping ~*~*~tactically~*~*~ (hiding).
 23365 | D:15     | 23365 ||| Stepping ~*~*~tactically~*~*~ (hiding).
 23369 | D:15     | 23369 ||| INVOKING Berserk.
 23386 | D:15     | 23386 ||| Stepping ~*~*~tactically~*~*~ (hiding).
 23404 | D:15     | 23404 ||| Stepping ~*~*~tactically~*~*~ (stealth).
 23551 | D:15     | Found a stormy altar of Qazlal.
 23590 | D:15     | 23590 ||| Stepping ~*~*~tactically~*~*~ (stealth).
 23592 | D:15     | 23592 ||| Stepping ~*~*~tactically~*~*~ (hiding).
 23599 | D:15     | Reached skill level 15 in Shields
 23753 | D:15     | 23753 ||| Stepping ~*~*~tactically~*~*~ (hiding).
 23756 | D:15     | 23756 ||| INVOKING Berserk.
 23970 | D:15     | 23970 ||| FLEEEEING.
 23971 | D:15     | 23971 ||| FLEEEEING.
 23973 | D:15     | 23973 ||| FLEEEEING.
 23977 | D:15     | 23977 ||| FLEEEEING.
 23979 | D:15     | 23979 ||| FLEEEEING.
 23980 | D:15     | 23980 ||| FLEEEEING.
 23981 | D:15     | 23981 ||| FLEEEEING.
 24006 | D:15     | 24006 ||| FLEEEEING.
 24035 | D:15     | 24035 ||| FLEEEEING.
 24044 | D:15     | 24044 ||| STAIRDANCE
 24056 | D:14     | 24056 ||| READING scroll labelled JORHIR UKHUAMIR.
 24071 | D:15     | 24071 ||| FLEEEEING.
 24072 | D:15     | 24072 ||| FLEEEEING.
 24081 | D:15     | 24081 ||| STAIRDANCE
 24351 | D:15     | 24351 ||| Stepping ~*~*~tactically~*~*~ (hiding).
 24355 | D:15     | 24355 ||| INVOKING Berserk.
 24482 | D:15     | Found a staircase to the Depths.
 24541 | D:15     | 24541 ||| PLANNING ORC
 24695 | Orc:1    | Entered Level 1 of the Orcish Mines
 24720 | Orc:1    | Noticed Nergalle
 24724 | Orc:1    | 24724 ||| INVOKING Trog's Hand.
 24729 | Orc:1    | Killed Nergalle
 24730 | Orc:1    | 24730 ||| Stepping ~*~*~tactically~*~*~ (stealth).
 24732 | Orc:1    | 24732 ||| INVOKING Berserk.
 24755 | Orc:1    | 24755 ||| Stepping ~*~*~tactically~*~*~ (stealth).
 24760 | Orc:1    | 24760 ||| Stepping ~*~*~tactically~*~*~ (stealth).
 24763 | Orc:1    | 24763 ||| Stepping ~*~*~tactically~*~*~ (stealth).
 24764 | Orc:1    | 24764 ||| Stepping ~*~*~tactically~*~*~ (stealth).
 24910 | Orc:1    | 24910 ||| Stepping ~*~*~tactically~*~*~ (stealth).
 24912 | Orc:1    | 24912 ||| Stepping ~*~*~tactically~*~*~ (stealth).
 24914 | Orc:1    | 24914 ||| Stepping ~*~*~tactically~*~*~ (stealth).
 24994 | Orc:1    | 24994 ||| Stepping ~*~*~tactically~*~*~ (stealth).
 24995 | Orc:1    | 24995 ||| Stepping ~*~*~tactically~*~*~ (stealth).
 25271 | Orc:2    | Entered Level 2 of the Orcish Mines
 25326 | Orc:2    | 25326 ||| Stepping ~*~*~tactically~*~*~ (stealth).
 25331 | Orc:2    | 25331 ||| Stepping ~*~*~tactically~*~*~ (stealth).
 25334 | Orc:2    | 25334 ||| Stepping ~*~*~tactically~*~*~ (hiding).
 25343 | Orc:2    | 25343 ||| FLEEEEING.
 25344 | Orc:2    | 25344 ||| FLEEEEING.
 25345 | Orc:2    | 25345 ||| FLEEEEING.
 25371 | Orc:2    | 25371 ||| Stepping ~*~*~tactically~*~*~ (stealth).
 25373 | Orc:2    | 25373 ||| Stepping ~*~*~tactically~*~*~ (hiding).
 25405 | Orc:2    | 25405 ||| Stepping ~*~*~tactically~*~*~ (hiding).
 25526 | Orc:2    | Found a staircase to the Elven Halls.
 25582 | Orc:2    | Reached skill level 18 in Axes
 25584 | Orc:2    | Noticed Saint Roka
 25585 | Orc:2    | 25585 ||| INVOKING Trog's Hand.
 25586 | Orc:2    | 25586 ||| INVOKING Brothers in Arms.
 25588 | Orc:2    | Found Cenoel's Armour Shop.
 25589 | Orc:2    | 25589 ||| INVOKING Berserk.
 25595 | Orc:2    | Found Plog's Book Shop.
 25599 | Orc:2    | Reached XP level 16. HP: 159/159 MP: 15/15
 25608 | Orc:2    | Killed Saint Roka
 25675 | Orc:2    | Found Giuf's Antique Armour Shoppe.
 25677 | Orc:2    | 25677 ||| BUYING +9 plate armour "Caawnesm" {Int+8} (1377
                  | gold).
 25677 | Orc:2    | Bought the +9 plate armour "Caawnesm" {Int+8} for 1377 gold
                  | pieces
 25684 | Orc:2    | Found Xesar's Jewellery Boutique.
 25693 | Orc:2    | 25693 ||| BUYING +4 ring of protection (432 gold).
 25693 | Orc:2    | Bought a +4 ring of protection for 432 gold pieces
 25693 | Orc:2    | 25693 ||| BUYING amulet of Rianec {Reflect +Blink SH+5}
                  | (528 gold).
 25693 | Orc:2    | Bought the amulet of Rianec {Reflect +Blink SH+5} for 528
                  | gold pieces
 25693 | Orc:2    | 25693 ||| SHOPLISTING ring "Ymnaplon" {rC+ EV+4} (600 gold,
                  | have 120).
 25693 | Orc:2    | 25693 ||| SHOPLISTING ring of protection from fire (300
                  | gold, have 120).
 25832 | Orc:2    | Found Qiuciddo's Jewellery Shop.
 25840 | Orc:2    | 25840 ||| SHOPLISTING ring of poison resistance (200 gold,
                  | have 181).
 25955 | Orc:2    | 25955 ||| DROPPING +0 fire dragon scales.
 25956 | Orc:2    | 25956 ||| UPGRADING to +3 plate armour of willpower.
 25966 | Orc:2    | 25966 ||| DROPPING +1 plate armour of cold resistance.
 25967 | Orc:2    | 25967 ||| DROPPING +7 scale mail "Vuphennu" {Dex+4}.
 25968 | Orc:2    | 25968 ||| UPGRADING to +9 plate armour "Caawnesm" {Int+8}.
 25978 | Orc:2    | 25978 ||| DROPPING +3 plate armour of willpower.
 25979 | Orc:2    | 25979 ||| UPGRADING to amulet of Rianec {Reflect +Blink
                  | SH+5}.
 25989 | Orc:2    | 25989 ||| DROPPING amulet of regeneration.
 25990 | Orc:2    | 25990 ||| DROPPING ring of ice.
 25991 | Orc:2    | 25991 ||| DROPPING +6 ring of dexterity.
 26068 | Orc:1    | 26068 ||| PLANNING SHOALS:1-3
 26193 | Shoals:1 | Entered Level 1 of the Shoals
 26196 | Shoals:1 | 26196 ||| INVOKING Berserk.
 26269 | Shoals:1 | 26269 ||| INVOKING Berserk.
 26367 | Shoals:1 | 26367 ||| Stepping ~*~*~tactically~*~*~ (hiding).
 26368 | Shoals:1 | 26368 ||| Stepping ~*~*~tactically~*~*~ (hiding).
 26369 | Shoals:1 | 26369 ||| Stepping ~*~*~tactically~*~*~ (hiding).
 26370 | Shoals:1 | 26370 ||| Stepping ~*~*~tactically~*~*~ (hiding).
 26479 | Shoals:1 | Identified the ring "Kix Kujiph" {rN++ MP+9 Str-5 Int+4
                  | Stlth+}
 26548 | Shoals:1 | 26548 ||| Stepping ~*~*~tactically~*~*~ (stealth).
 26625 | Shoals:1 | Noticed Nikola
 26626 | Shoals:1 | 26626 ||| INVOKING Brothers in Arms.
 26629 | Shoals:1 | 26629 ||| INVOKING Berserk.
 26633 | Shoals:1 | Killed Nikola
 26794 | Shoals:1 | 26794 ||| INVOKING Berserk.
 26813 | Shoals:1 | 26813 ||| INVOKING Brothers in Arms.
 26942 | Shoals:1 | Noticed a kraken
 27071 | Shoals:1 | 27071 ||| INVOKING Brothers in Arms.
 27074 | Shoals:1 | 27074 ||| INVOKING Berserk.
 27086 | Shoals:1 | 27086 ||| INVOKING Brothers in Arms.
 27087 | Shoals:1 | 27087 ||| INVOKING Brothers in Arms.
 27088 | Shoals:1 | 27088 ||| INVOKING Brothers in Arms.
 27291 | Shoals:1 | 27291 ||| Stepping ~*~*~tactically~*~*~ (hiding).
 27293 | Shoals:1 | 27293 ||| Stepping ~*~*~tactically~*~*~ (hiding).
 27340 | Shoals:1 | 27340 ||| INVOKING Trog's Hand.
 27342 | Shoals:1 | 27342 ||| Stepping ~*~*~tactically~*~*~ (water).
 27519 | Shoals:1 | 27519 ||| DROPPING ring "Kix Kujiph" {rN++ MP+9 Str-5 Int+4
                  | Stlth+}.
 27639 | Shoals:2 | Reached skill level 18 in Shields
 27645 | Shoals:2 | Noticed a titan
 27652 | Shoals:2 | 27652 ||| FLEEEEING.
 27653 | Shoals:2 | 27653 ||| FLEEEEING.
 27656 | Shoals:2 | 27656 ||| INVOKING Berserk.
 27723 | Shoals:2 | 27723 ||| Stepping ~*~*~tactically~*~*~ (hiding).
 27840 | Shoals:2 | 27840 ||| INVOKING Berserk.
 28020 | Shoals:2 | 28020 ||| Stepping ~*~*~tactically~*~*~ (hiding).
 28253 | Shoals:2 | 28253 ||| Stepping ~*~*~tactically~*~*~ (hiding).
 28254 | Shoals:2 | 28254 ||| Stepping ~*~*~tactically~*~*~ (hiding).
 28257 | Shoals:2 | 28257 ||| Stepping ~*~*~tactically~*~*~ (hiding).
 28259 | Shoals:2 | 28259 ||| Stepping ~*~*~tactically~*~*~ (hiding).
 28262 | Shoals:2 | 28262 ||| Stepping ~*~*~tactically~*~*~ (hiding).
 28473 | Shoals:2 | 28473 ||| INVOKING Brothers in Arms.
 28474 | Shoals:2 | 28474 ||| INVOKING Berserk.
 28476 | Shoals:2 | Killed a titan
 28677 | Shoals:2 | 28677 ||| READING scroll labelled CAED MUCZEE.
 28733 | Shoals:3 | 28733 ||| STAIRDANCE
 28762 | Shoals:3 | 28762 ||| Stepping ~*~*~tactically~*~*~ (water).
 28769 | Shoals:3 | 28769 ||| Stepping ~*~*~tactically~*~*~ (water).
 28776 | Shoals:3 | 28776 ||| INVOKING Berserk.
 28782 | Shoals:3 | HP: 54/238 [water nymph/the raging water (7)]
 28785 | Shoals:3 | HP: 25/238 [water nymph/the raging water (6)]
 28785 | Shoals:3 | HP: 12/238 [water nymph/the raging water (13)]
 28790 | Shoals:3 | 28790 ||| READING 7 scrolls of teleportation.
 28791 | Shoals:3 | 28791 ||| DRINKING 5 potions of heal wounds.
 28792 | Shoals:3 | 28792 ||| DRINKING 4 potions of heal wounds.
 29216 | Shoals:3 | 29216 ||| Stepping ~*~*~tactically~*~*~ (stealth).
 29221 | Shoals:3 | 29221 ||| INVOKING Trog's Hand.
 29229 | Shoals:3 | 29229 ||| Stepping ~*~*~tactically~*~*~ (water).
 29281 | Shoals:3 | 29281 ||| FLEEEEING.
 29282 | Shoals:3 | 29282 ||| FLEEEEING.
 29467 | Shoals:3 | 29467 ||| READING scroll of enchant weapon.
 29467 | Shoals:3 | 29467 ||| ENCHANTING +5 broad axe of freezing.
 29527 | Shoals:3 | 29527 ||| Stepping ~*~*~tactically~*~*~ (stealth).
 29531 | Shoals:3 | 29531 ||| Stepping ~*~*~tactically~*~*~ (stealth).
 29537 | Shoals:3 | 29537 ||| Stepping ~*~*~tactically~*~*~ (stealth).
 29539 | Shoals:3 | 29539 ||| Stepping ~*~*~tactically~*~*~ (stealth).
 29609 | Shoals:3 | 29609 ||| Stepping ~*~*~tactically~*~*~ (water).
 29652 | Shoals:3 | 29652 ||| FLEEEEING.
 29862 | Shoals:3 | 29862 ||| Stepping ~*~*~tactically~*~*~ (hiding).
 29863 | Shoals:3 | 29863 ||| Stepping ~*~*~tactically~*~*~ (hiding).
 29865 | Shoals:3 | 29865 ||| INVOKING Trog's Hand.
 29866 | Shoals:3 | 29866 ||| Stepping ~*~*~tactically~*~*~ (hiding).
 29868 | Shoals:3 | 29868 ||| INVOKING Brothers in Arms.
 29872 | Shoals:3 | 29872 ||| INVOKING Berserk.
 30108 | Shoals:3 | 30108 ||| PLANNING SNAKE:1-3
 30189 | Snake:1  | Entered Level 1 of the Snake Pit
 30189 | Snake:1  | Found a transporter.
 30202 | Snake:1  | 30202 ||| INVOKING Berserk.
 30204 | Snake:1  | Reached XP level 17. HP: 149/166 MP: 16/16
 30209 | Snake:1  | Reached skill level 6 in Throwing
 30517 | Snake:1  | 30517 ||| DROPPING +0 whip.
 30719 | Snake:1  | Found a runed translucent gate.
 30720 | Snake:1  | Found a runed translucent gate.
 30875 | Snake:1  | 30875 ||| Stepping ~*~*~tactically~*~*~ (hiding).
 31009 | Snake:1  | 31009 ||| Stepping ~*~*~tactically~*~*~ (hiding).
 31205 | Snake:1  | Found a runed translucent gate.
 31252 | Snake:1  | Found a transporter.
 31394 | Snake:1  | Noticed qw's ghost (adept MiBe)
 31397 | Snake:1  | 31397 ||| DROPPING +2 pair of boots of stealth.
 31479 | Snake:2  | 31479 ||| Stepping ~*~*~tactically~*~*~ (hiding).
 31601 | Snake:2  | 31601 ||| INVOKING Berserk.
 31755 | Snake:2  | 31755 ||| DROPPING +0 flail.
 32076 | Snake:2  | 32076 ||| DROPPING +0 flail of holy wrath.
 32301 | Snake:2  | 32301 ||| INVOKING Berserk.
 32721 | Snake:3  | Reached skill level 15 in Armour
 32732 | Snake:3  | 32732 ||| INVOKING Berserk.
 32851 | Snake:3  | 32851 ||| Stepping ~*~*~tactically~*~*~ (hiding).
 33172 | Snake:3  | 33172 ||| Stepping ~*~*~tactically~*~*~ (hiding).
 33191 | Snake:3  | 33191 ||| Stepping ~*~*~tactically~*~*~ (hiding).
 33193 | Snake:3  | 33193 ||| Stepping ~*~*~tactically~*~*~ (hiding).
 33194 | Snake:3  | 33194 ||| Stepping ~*~*~tactically~*~*~ (hiding).
 33202 | Snake:3  | 33202 ||| INVOKING Berserk.
 33204 | Snake:3  | Received a gift from Trog
 33275 | Snake:3  | 33275 ||| DROPPING +1 antimagic broad axe.
 33276 | Snake:3  | 33276 ||| Stepping ~*~*~tactically~*~*~ (stealth).
 33278 | Snake:3  | 33278 ||| Stepping ~*~*~tactically~*~*~ (hiding).
 33283 | Snake:3  | 33283 ||| Stepping ~*~*~tactically~*~*~ (hiding).
 33289 | Snake:3  | 33289 ||| INVOKING Berserk.
 33403 | Snake:3  | 33403 ||| Stepping ~*~*~tactically~*~*~ (hiding).
 33555 | Snake:3  | 33555 ||| INVOKING Berserk.
 33834 | Snake:3  | 33834 ||| Stepping ~*~*~tactically~*~*~ (hiding).
 33838 | Snake:3  | 33838 ||| INVOKING Berserk.
 33848 | Snake:3  | 33848 ||| INVOKING Brothers in Arms.
 34163 | Snake:3  | 34163 ||| Stepping ~*~*~tactically~*~*~ (hiding).
 34229 | Snake:3  | 34229 ||| Stepping ~*~*~tactically~*~*~ (stealth).
 34456 | Snake:3  | 34456 ||| PLANNING SHOALS:4
 34591 | Shoals:4 | Entered Level 4 of the Shoals
 34619 | Shoals:4 | Paralysed by an air elemental for 1 turns
 34624 | Shoals:4 | 34624 ||| INVOKING Berserk.
 34629 | Shoals:4 | Paralysed by an air elemental for 1 turns
 34749 | Shoals:4 | 34749 ||| INVOKING Berserk.
 34758 | Shoals:4 | Paralysed by an air elemental for 1 turns
 34764 | Shoals:4 | 34764 ||| INVOKING Trog's Hand.
 34765 | Shoals:4 | 34765 ||| INVOKING Brothers in Arms.
 34765 | Shoals:4 | Paralysed by an air elemental for 1 turns
 34855 | Shoals:4 | 34855 ||| Stepping ~*~*~tactically~*~*~ (hiding).
 34906 | Shoals:4 | 34906 ||| Stepping ~*~*~tactically~*~*~ (hiding).
 34911 | Shoals:4 | 34911 ||| INVOKING Berserk.
 35026 | Shoals:4 | Paralysed by an air elemental for 1 turns
 35095 | Shoals:4 | Paralysed by an air elemental for 1 turns
 35096 | Shoals:4 | 35096 ||| INVOKING Berserk.
 35252 | Shoals:4 | 35252 ||| Stepping ~*~*~tactically~*~*~ (stealth).
 35266 | Shoals:4 | 35266 ||| Stepping ~*~*~tactically~*~*~ (hiding).
 35270 | Shoals:4 | 35270 ||| INVOKING Berserk.
 35395 | Shoals:4 | 35395 ||| Stepping ~*~*~tactically~*~*~ (cloud).
 35416 | Shoals:4 | 35416 ||| INVOKING Berserk.
 35432 | Shoals:4 | 35432 ||| Stepping ~*~*~tactically~*~*~ (stealth).
 35669 | Shoals:4 | 35669 ||| Stepping ~*~*~tactically~*~*~ (hiding).
 35671 | Shoals:4 | 35671 ||| DRINKING 2 potions of resistance.
 35672 | Shoals:4 | 35672 ||| INVOKING Berserk.
 35807 | Shoals:4 | Got a barnacled rune of Zot
 35832 | Shoals:4 | 35832 ||| INVOKING Berserk.
 36012 | Shoals:4 | Found a stormy altar of Qazlal.
 36034 | Shoals:4 | Reached skill level 9 in Throwing
 36056 | Shoals:4 | 36056 ||| FLEEEEING.
 36057 | Shoals:4 | 36057 ||| FLEEEEING.
 36058 | Shoals:4 | 36058 ||| FLEEEEING.
 36059 | Shoals:4 | 36059 ||| FLEEEEING.
 36060 | Shoals:4 | 36060 ||| FLEEEEING.
 36061 | Shoals:4 | 36061 ||| FLEEEEING.
 36062 | Shoals:4 | 36062 ||| FLEEEEING.
 36063 | Shoals:4 | 36063 ||| FLEEEEING.
 36064 | Shoals:4 | 36064 ||| FLEEEEING.
 36065 | Shoals:4 | 36065 ||| FLEEEEING.
 36066 | Shoals:4 | 36066 ||| FLEEEEING.
 36067 | Shoals:4 | 36067 ||| FLEEEEING.
 36068 | Shoals:4 | 36068 ||| FLEEEEING.
 36069 | Shoals:4 | 36069 ||| FLEEEEING.
 36138 | Shoals:4 | Paralysed by an air elemental for 1 turns
 36167 | Shoals:4 | 36167 ||| INVOKING Berserk.
 36282 | Shoals:4 | 36282 ||| Stepping ~*~*~tactically~*~*~ (water).
 36286 | Shoals:4 | Paralysed by an air elemental for 1 turns
 36291 | Shoals:4 | Paralysed by an air elemental for 1 turns
 36473 | Shoals:4 | 36473 ||| INVOKING Berserk.
 36614 | Shoals:4 | 36614 ||| INVOKING Berserk.
 36726 | Shoals:4 | 36726 ||| PLANNING VAULTS:1-4
 36956 | Vaults:1 | Entered Level 1 of the Vaults
 36961 | Vaults:1 | 36961 ||| READING 12 scrolls of teleportation.
 36970 | Vaults:1 | 36970 ||| INVOKING Trog's Hand.
 37035 | Vaults:1 | 37035 ||| INVOKING Trog's Hand.
 37470 | Vaults:1 | Reached XP level 18. HP: 173/173 MP: 17/17
 37504 | Vaults:1 | 37504 ||| INVOKING Berserk.
 37840 | Vaults:1 | 37840 ||| DROPPING +0 morningstar.
 37938 | Vaults:1 | 37938 ||| INVOKING Trog's Hand.
 37946 | Vaults:1 | 37946 ||| Stepping ~*~*~tactically~*~*~ (stealth).
 37949 | Vaults:1 | 37949 ||| Stepping ~*~*~tactically~*~*~ (hiding).
 38112 | Vaults:1 | 38112 ||| INVOKING Trog's Hand.
 38114 | Vaults:1 | 38114 ||| Stepping ~*~*~tactically~*~*~ (hiding).
 38230 | Vaults:1 | 38230 ||| Stepping ~*~*~tactically~*~*~ (stealth).
 38236 | Vaults:1 | 38236 ||| Stepping ~*~*~tactically~*~*~ (hiding).
 38449 | Vaults:1 | 38449 ||| Stepping ~*~*~tactically~*~*~ (hiding).
 38450 | Vaults:1 | 38450 ||| Stepping ~*~*~tactically~*~*~ (hiding).
 38459 | Vaults:1 | 38459 ||| DRINKING 15 potions of curing.
 38459 | Vaults:1 | 38459 ||| (to cure confusion)
 38484 | Vaults:1 | Reached skill level 19 in Fighting
 38513 | Vaults:1 | 38513 ||| Stepping ~*~*~tactically~*~*~ (stealth).
 38514 | Vaults:1 | 38514 ||| Stepping ~*~*~tactically~*~*~ (stealth).
 38538 | Vaults:1 | 38538 ||| Stepping ~*~*~tactically~*~*~ (hiding).
 38557 | Vaults:1 | 38557 ||| INVOKING Brothers in Arms.
 38558 | Vaults:1 | 38558 ||| INVOKING Berserk.
 39123 | Vaults:2 | 39123 ||| Stepping ~*~*~tactically~*~*~ (hiding).
 39125 | Vaults:2 | 39125 ||| Stepping ~*~*~tactically~*~*~ (hiding).
 39127 | Vaults:2 | 39127 ||| INVOKING Berserk.
 39297 | Vaults:2 | 39297 ||| Stepping ~*~*~tactically~*~*~ (hiding).
 39464 | Vaults:2 | Reached skill level 18 in Armour
 39481 | Vaults:2 | 39481 ||| INVOKING Trog's Hand.
 39495 | Vaults:2 | 39495 ||| INVOKING Trog's Hand.
 39517 | Vaults:2 | 39517 ||| Stepping ~*~*~tactically~*~*~ (hiding).
 39556 | Vaults:2 | 39556 ||| INVOKING Brothers in Arms.
 39559 | Vaults:2 | 39559 ||| INVOKING Berserk.
 39570 | Vaults:2 | 39570 ||| Stepping ~*~*~tactically~*~*~ (stealth).
 39574 | Vaults:2 | 39574 ||| INVOKING Trog's Hand.
 39706 | Vaults:2 | 39706 ||| INVOKING Trog's Hand.
 39718 | Vaults:2 | 39718 ||| FLEEEEING.
 39719 | Vaults:2 | 39719 ||| FLEEEEING.
 39720 | Vaults:2 | 39720 ||| FLEEEEING.
 39721 | Vaults:2 | 39721 ||| FLEEEEING.
 39722 | Vaults:2 | 39722 ||| FLEEEEING.
 39723 | Vaults:2 | 39723 ||| FLEEEEING.
 39724 | Vaults:2 | 39724 ||| FLEEEEING.
 39728 | Vaults:2 | 39728 ||| STAIRDANCE
 39881 | Vaults:2 | 39881 ||| INVOKING Trog's Hand.
 39884 | Vaults:2 | 39884 ||| STAIRDANCE
 39998 | Vaults:2 | 39998 ||| STAIRDANCE
 40014 | Vaults:2 | 40014 ||| STAIRDANCE
 40020 | Vaults:2 | 40020 ||| STAIRDANCE
 40126 | Vaults:2 | 40126 ||| Stepping ~*~*~tactically~*~*~ (stealth).
 40225 | Vaults:2 | Received a gift from Trog
 40799 | Vaults:2 | Reached skill level 20 in Fighting
 40919 | Vaults:2 | Found a staircase to the Crypt.
 40921 | Vaults:2 | 40921 ||| INVOKING Berserk.
 41235 | Vaults:3 | 41235 ||| Stepping ~*~*~tactically~*~*~ (stealth).
 41236 | Vaults:3 | 41236 ||| Stepping ~*~*~tactically~*~*~ (stealth).
 41368 | Vaults:3 | 41368 ||| INVOKING Brothers in Arms.
 41369 | Vaults:3 | 41369 ||| INVOKING Berserk.
 41391 | Vaults:3 | Reached XP level 19. HP: 185/185 MP: 18/18
 41535 | Vaults:3 | 41535 ||| Stepping ~*~*~tactically~*~*~ (stealth).
 41631 | Abyss:2  | Cast into level 2 of the Abyss (a wizard)
 41673 | Abyss:2  | 41673 ||| Stepping ~*~*~tactically~*~*~ (stealth).
 41709 | Abyss:2  | 41709 ||| Stepping ~*~*~tactically~*~*~ (stealth).
 41746 | Abyss:2  | 41746 ||| INVOKING Trog's Hand.
 41848 | Abyss:2  | 41848 ||| INVOKING Berserk.
 41866 | Abyss:2  | 41866 ||| INVOKING Brothers in Arms.
 41869 | Abyss:2  | 41869 ||| INVOKING Trog's Hand.
 41914 | Abyss:2  | 41914 ||| INVOKING Trog's Hand.
 41961 | Abyss:2  | 41961 ||| Stepping ~*~*~tactically~*~*~ (stealth).
 41965 | Abyss:2  | Reached skill level 21 in Shields
 41972 | Abyss:2  | 41972 ||| Stepping ~*~*~tactically~*~*~ (stealth).
 41976 | Abyss:2  | 41976 ||| INVOKING Trog's Hand.
 41977 | Abyss:2  | 41977 ||| INVOKING Brothers in Arms.
 41978 | Abyss:2  | 41978 ||| INVOKING Brothers in Arms.
 41979 | Abyss:2  | 41979 ||| INVOKING Brothers in Arms.
 41981 | Abyss:2  | 41981 ||| INVOKING Berserk.
 42038 | Vaults:3 | Escaped the Abyss
 42230 | Vaults:3 | 42230 ||| DRINKING 14 potions of curing.
 42230 | Vaults:3 | 42230 ||| (to cure confusion)
 42231 | Vaults:3 | 42231 ||| Stepping ~*~*~tactically~*~*~ (hiding).
 42236 | Vaults:3 | 42236 ||| INVOKING Trog's Hand.
 42264 | Vaults:3 | 42264 ||| READING scroll of enchant weapon.
 42264 | Vaults:3 | 42264 ||| ENCHANTING +6 broad axe of freezing.
 42281 | Vaults:3 | 42281 ||| Stepping ~*~*~tactically~*~*~ (hiding).
 42282 | Vaults:3 | 42282 ||| Stepping ~*~*~tactically~*~*~ (stealth).
 42286 | Vaults:3 | 42286 ||| Stepping ~*~*~tactically~*~*~ (hiding).
 42287 | Vaults:3 | 42287 ||| Stepping ~*~*~tactically~*~*~ (hiding).
 42331 | Vaults:3 | 42331 ||| Stepping ~*~*~tactically~*~*~ (stealth).
 42333 | Vaults:3 | 42333 ||| Stepping ~*~*~tactically~*~*~ (hiding).
 42336 | Vaults:3 | 42336 ||| Stepping ~*~*~tactically~*~*~ (hiding).
 42382 | Vaults:3 | 42382 ||| INVOKING Trog's Hand.
 42423 | Vaults:3 | 42423 ||| Stepping ~*~*~tactically~*~*~ (stealth).
 42433 | Vaults:3 | 42433 ||| INVOKING Trog's Hand.
 42434 | Vaults:3 | 42434 ||| INVOKING Berserk.
 42437 | Vaults:3 | Reached skill level 21 in Fighting
 42679 | Vaults:3 | 42679 ||| INVOKING Trog's Hand.
 42682 | Vaults:3 | 42682 ||| DRINKING potion of resistance.
 42691 | Vaults:3 | Received a gift from Trog
 42705 | Vaults:3 | 42705 ||| INVOKING Berserk.
 42730 | Vaults:3 | 42730 ||| INVOKING Brothers in Arms.
 42734 | Vaults:3 | 42734 ||| INVOKING Trog's Hand.
 42827 | Vaults:3 | 42827 ||| DROPPING +3 broad axe.
 42918 | Vaults:3 | 42918 ||| Stepping ~*~*~tactically~*~*~ (stealth).
 42921 | Vaults:3 | 42921 ||| Stepping ~*~*~tactically~*~*~ (hiding).
 42923 | Vaults:3 | 42923 ||| Stepping ~*~*~tactically~*~*~ (hiding).
 42924 | Vaults:3 | 42924 ||| Stepping ~*~*~tactically~*~*~ (hiding).
 42926 | Vaults:3 | 42926 ||| Stepping ~*~*~tactically~*~*~ (hiding).
 42929 | Vaults:3 | 42929 ||| INVOKING Berserk.
 43320 | Vaults:3 | 43320 ||| Stepping ~*~*~tactically~*~*~ (hiding).
 43418 | Vaults:3 | 43418 ||| INVOKING Berserk.
 43625 | Vaults:4 | 43625 ||| Stepping ~*~*~tactically~*~*~ (hiding).
 43626 | Vaults:4 | 43626 ||| Stepping ~*~*~tactically~*~*~ (stealth).
 43630 | Vaults:4 | 43630 ||| INVOKING Berserk.
 43790 | Vaults:4 | 43790 ||| INVOKING Berserk.
 43992 | Vaults:4 | 43992 ||| Stepping ~*~*~tactically~*~*~ (hiding).
 43997 | Vaults:4 | 43997 ||| Stepping ~*~*~tactically~*~*~ (hiding).
 43999 | Vaults:4 | 43999 ||| INVOKING Trog's Hand.
 44041 | Vaults:4 | Reached skill level 22 in Fighting
 44156 | Vaults:4 | 44156 ||| Stepping ~*~*~tactically~*~*~ (stealth).
 44158 | Vaults:4 | 44158 ||| Stepping ~*~*~tactically~*~*~ (hiding).
 44210 | Vaults:4 | 44210 ||| INVOKING Trog's Hand.
 44348 | Vaults:4 | 44348 ||| INVOKING Trog's Hand.
 44360 | Vaults:4 | Reached XP level 20. HP: 200/200 MP: 19/19
 44406 | Vaults:4 | 44406 ||| INVOKING Brothers in Arms.
 44409 | Vaults:4 | 44409 ||| INVOKING Berserk.
 44416 | Vaults:4 | 44416 ||| INVOKING Trog's Hand.
 44435 | Vaults:4 | 44435 ||| INVOKING Trog's Hand.
 44558 | Vaults:4 | 44558 ||| Stepping ~*~*~tactically~*~*~ (stealth).
 44610 | Vaults:4 | 44610 ||| Stepping ~*~*~tactically~*~*~ (stealth).
 44615 | Vaults:4 | 44615 ||| INVOKING Trog's Hand.
 44633 | Vaults:4 | 44633 ||| Stepping ~*~*~tactically~*~*~ (stealth).
 44643 | Vaults:4 | 44643 ||| INVOKING Berserk.
 44879 | Vaults:4 | 44879 ||| READING scroll of enchant weapon.
 44879 | Vaults:4 | 44879 ||| ENCHANTING +7 broad axe of freezing.
 44920 | Vaults:4 | 44920 ||| Stepping ~*~*~tactically~*~*~ (stealth).
 44975 | Vaults:4 | 44975 ||| Stepping ~*~*~tactically~*~*~ (stealth).
 45040 | Vaults:4 | Reached skill level 21 in Armour
 45057 | Vaults:4 | 45057 ||| Stepping ~*~*~tactically~*~*~ (stealth).
 45058 | Vaults:4 | 45058 ||| Stepping ~*~*~tactically~*~*~ (stealth).
 45066 | Vaults:4 | Received a gift from Trog
 45186 | Vaults:4 | 45186 ||| INVOKING Trog's Hand.
 45192 | Vaults:4 | 45192 ||| Stepping ~*~*~tactically~*~*~ (hiding).
 45408 | Vaults:4 | 45408 ||| PLANNING SNAKE:4
 45793 | Snake:4  | Entered Level 4 of the Snake Pit
 45800 | Snake:4  | 45800 ||| Stepping ~*~*~tactically~*~*~ (hiding).
 45804 | Snake:4  | 45804 ||| Stepping ~*~*~tactically~*~*~ (hiding).
 45808 | Snake:4  | 45808 ||| Stepping ~*~*~tactically~*~*~ (hiding).
 45850 | Snake:4  | 45850 ||| Stepping ~*~*~tactically~*~*~ (hiding).
 45853 | Snake:4  | 45853 ||| Stepping ~*~*~tactically~*~*~ (hiding).
 45859 | Snake:4  | 45859 ||| Stepping ~*~*~tactically~*~*~ (hiding).
 46094 | Snake:4  | 46094 ||| Stepping ~*~*~tactically~*~*~ (hiding).
 46213 | Snake:4  | 46213 ||| Stepping ~*~*~tactically~*~*~ (hiding).
 46214 | Snake:4  | 46214 ||| Stepping ~*~*~tactically~*~*~ (hiding).
 46652 | Snake:4  | 46652 ||| FLEEEEING.
 46653 | Snake:4  | 46653 ||| FLEEEEING.
 46654 | Snake:4  | 46654 ||| FLEEEEING.
 46655 | Snake:4  | 46655 ||| FLEEEEING.
 46656 | Snake:4  | 46656 ||| FLEEEEING.
 46657 | Snake:4  | 46657 ||| FLEEEEING.
 46671 | Snake:4  | 46671 ||| FLEEEEING.
 46685 | Snake:4  | 46685 ||| FLEEEEING.
 46699 | Snake:4  | 46699 ||| FLEEEEING.
 46820 | Snake:4  | 46820 ||| Stepping ~*~*~tactically~*~*~ (hiding).
 46932 | Snake:4  | 46932 ||| Stepping ~*~*~tactically~*~*~ (stealth).
 47070 | Snake:4  | 47070 ||| Stepping ~*~*~tactically~*~*~ (hiding).
 47134 | Snake:4  | 47134 ||| INVOKING Berserk.
 47144 | Snake:4  | Reached skill level 23 in Fighting
 47167 | Snake:4  | 47167 ||| FLEEEEING.
 47735 | Snake:4  | 47735 ||| Stepping ~*~*~tactically~*~*~ (hiding).
 47737 | Snake:4  | 47737 ||| Stepping ~*~*~tactically~*~*~ (stealth).
 48067 | Snake:4  | 48067 ||| Stepping ~*~*~tactically~*~*~ (hiding).
 48271 | Snake:4  | Got a serpentine rune of Zot
 48301 | Snake:4  | 48301 ||| Stepping ~*~*~tactically~*~*~ (hiding).
 48314 | Snake:4  | 48314 ||| Stepping ~*~*~tactically~*~*~ (hiding).
 48609 | Snake:4  | 48609 ||| Stepping ~*~*~tactically~*~*~ (hiding).
 48610 | Snake:4  | 48610 ||| Stepping ~*~*~tactically~*~*~ (hiding).
 48613 | Snake:4  | 48613 ||| Stepping ~*~*~tactically~*~*~ (hiding).
 48776 | Snake:4  | 48776 ||| Stepping ~*~*~tactically~*~*~ (hiding).
 48777 | Snake:4  | 48777 ||| Stepping ~*~*~tactically~*~*~ (hiding).
 48827 | Snake:4  | 48827 ||| Stepping ~*~*~tactically~*~*~ (stealth).
 48832 | Snake:4  | 48832 ||| Stepping ~*~*~tactically~*~*~ (stealth).
 48836 | Snake:4  | 48836 ||| Stepping ~*~*~tactically~*~*~ (hiding).
 48843 | Snake:4  | Received a gift from Trog
 48849 | Snake:4  | 48849 ||| DROPPING +0 broad axe of flaming.
 48878 | Snake:4  | Noticed Aizul
 48879 | Snake:4  | 48879 ||| Stepping ~*~*~tactically~*~*~ (hiding).
 48880 | Snake:4  | 48880 ||| INVOKING Trog's Hand.
 48887 | Snake:4  | Killed Aizul
 48888 | Snake:4  | Reached skill level 12 in Throwing
 48915 | Snake:4  | 48915 ||| Stepping ~*~*~tactically~*~*~ (hiding).
 48916 | Snake:4  | 48916 ||| Stepping ~*~*~tactically~*~*~ (hiding).
 49131 | Snake:4  | 49131 ||| PLANNING DEPTHS
 49131 | Snake:4  | 49131 ||| UPGRADING to +2 tower shield of positive energy.
 49141 | Snake:4  | 49141 ||| DROPPING +0 tower shield.
 49142 | Snake:4  | 49142 ||| DROPPING amulet of reflection.
 49469 | Depths:1 | Entered Level 1 of the Depths
 49474 | Depths:1 | 49474 ||| Stepping ~*~*~tactically~*~*~ (hiding).
 49476 | Depths:1 | 49476 ||| INVOKING Brothers in Arms.
 49480 | Depths:1 | 49480 ||| INVOKING Berserk.
 49511 | Depths:1 | 49511 ||| Stepping ~*~*~tactically~*~*~ (hiding).
 49515 | Depths:1 | 49515 ||| INVOKING Brothers in Arms.
 49560 | Depths:1 | 49560 ||| Stepping ~*~*~tactically~*~*~ (stealth).
 49562 | Depths:1 | 49562 ||| Stepping ~*~*~tactically~*~*~ (stealth).
 49563 | Depths:1 | 49563 ||| Stepping ~*~*~tactically~*~*~ (stealth).
 49564 | Depths:1 | 49564 ||| Stepping ~*~*~tactically~*~*~ (stealth).
 49565 | Depths:1 | 49565 ||| INVOKING Brothers in Arms.
 49566 | Depths:1 | 49566 ||| INVOKING Berserk.
 49586 | Depths:1 | 49586 ||| INVOKING Trog's Hand.
 49593 | Depths:1 | 49593 ||| INVOKING Brothers in Arms.
 49637 | Depths:1 | 49637 ||| Stepping ~*~*~tactically~*~*~ (stealth).
 49638 | Depths:1 | 49638 ||| Stepping ~*~*~tactically~*~*~ (stealth).
 49639 | Depths:1 | 49639 ||| Stepping ~*~*~tactically~*~*~ (stealth).
 49642 | Depths:1 | 49642 ||| Stepping ~*~*~tactically~*~*~ (hiding).
 49748 | Depths:1 | 49748 ||| INVOKING Berserk.
 49787 | Depths:1 | 49787 ||| Stepping ~*~*~tactically~*~*~ (stealth).
 49827 | Depths:1 | 49827 ||| Stepping ~*~*~tactically~*~*~ (stealth).
 49828 | Depths:1 | 49828 ||| Stepping ~*~*~tactically~*~*~ (stealth).
 49829 | Depths:1 | 49829 ||| Stepping ~*~*~tactically~*~*~ (stealth).
 49848 | Depths:1 | 49848 ||| Stepping ~*~*~tactically~*~*~ (stealth).
 49862 | Depths:1 | 49862 ||| Stepping ~*~*~tactically~*~*~ (stealth).
 49951 | Depths:1 | Found a basalt altar of Yredelemnul.
 49996 | Depths:1 | Found a gateway to Hell.
 50017 | Depths:1 | 50017 ||| INVOKING Brothers in Arms.
 50018 | Depths:1 | 50018 ||| INVOKING Brothers in Arms.
 50019 | Depths:1 | 50019 ||| INVOKING Berserk.
 50025 | Depths:1 | Reached XP level 21. HP: 211/211 MP: 20/20
 50143 | Depths:1 | 50143 ||| Stepping ~*~*~tactically~*~*~ (stealth).
 50245 | Depths:1 | 50245 ||| INVOKING Berserk.
 50252 | Depths:1 | Found a one-way gate leading to the halls of Pandemonium.
 50274 | Depths:1 | 50274 ||| Stepping ~*~*~tactically~*~*~ (stealth).
 50275 | Depths:1 | 50275 ||| Stepping ~*~*~tactically~*~*~ (stealth).
 50353 | Depths:1 | 50353 ||| INVOKING Berserk.
 50507 | Depths:1 | 50507 ||| INVOKING Trog's Hand.
 50547 | Depths:1 | 50547 ||| INVOKING Brothers in Arms.
 50553 | Depths:1 | 50553 ||| INVOKING Berserk.
 50715 | Depths:1 | 50715 ||| INVOKING Berserk.
 50969 | Depths:1 | 50969 ||| Stepping ~*~*~tactically~*~*~ (stealth).
 50975 | Depths:1 | 50975 ||| Stepping ~*~*~tactically~*~*~ (stealth).
 51155 | Depths:2 | 51155 ||| Stepping ~*~*~tactically~*~*~ (hiding).
 51169 | Depths:2 | 51169 ||| Stepping ~*~*~tactically~*~*~ (stealth).
 51171 | Depths:2 | Paralysed by an air elemental for 1 turns
 51185 | Depths:2 | 51185 ||| Stepping ~*~*~tactically~*~*~ (hiding).
 51186 | Depths:2 | 51186 ||| Stepping ~*~*~tactically~*~*~ (hiding).
 51229 | Depths:2 | 51229 ||| Stepping ~*~*~tactically~*~*~ (stealth).
 51371 | Depths:2 | 51371 ||| Stepping ~*~*~tactically~*~*~ (hiding).
 51372 | Depths:2 | 51372 ||| Stepping ~*~*~tactically~*~*~ (hiding).
 51375 | Depths:2 | 51375 ||| Stepping ~*~*~tactically~*~*~ (hiding).
 51382 | Depths:2 | Paralysed by an air elemental for 1 turns
 51463 | Depths:2 | 51463 ||| Stepping ~*~*~tactically~*~*~ (hiding).
 51471 | Depths:2 | 51471 ||| INVOKING Berserk.
 51600 | Depths:2 | Reached skill level 24 in Fighting
 51649 | Depths:2 | 51649 ||| Stepping ~*~*~tactically~*~*~ (stealth).
 51650 | Depths:2 | 51650 ||| Stepping ~*~*~tactically~*~*~ (hiding).
 51654 | Depths:2 | 51654 ||| Stepping ~*~*~tactically~*~*~ (stealth).
 51661 | Depths:2 | Paralysed by an air elemental for 1 turns
 51668 | Depths:2 | 51668 ||| INVOKING Brothers in Arms.
 51669 | Depths:2 | 51669 ||| INVOKING Brothers in Arms.
 51670 | Depths:2 | Paralysed by an air elemental for 1 turns
 51684 | Depths:2 | Paralysed by an air elemental for 1 turns
 51692 | Depths:2 | Paralysed by an air elemental for 1 turns
 51704 | Depths:2 | Paralysed by an air elemental for 1 turns
 51707 | Depths:2 | 51707 ||| Stepping ~*~*~tactically~*~*~ (hiding).
 51708 | Depths:2 | 51708 ||| FLEEEEING.
 51709 | Depths:2 | 51709 ||| FLEEEEING.
 51710 | Depths:2 | 51710 ||| FLEEEEING.
 51714 | Depths:2 | 51714 ||| FLEEEEING.
 51715 | Depths:2 | 51715 ||| FLEEEEING.
 51716 | Depths:2 | 51716 ||| FLEEEEING.
 51717 | Depths:2 | 51717 ||| FLEEEEING.
 51718 | Depths:2 | 51718 ||| FLEEEEING.
 51719 | Depths:2 | 51719 ||| FLEEEEING.
 51720 | Depths:2 | 51720 ||| FLEEEEING.
 51721 | Depths:2 | 51721 ||| FLEEEEING.
 51734 | Depths:2 | 51734 ||| FLEEEEING.
 51735 | Depths:2 | 51735 ||| FLEEEEING.
 51736 | Depths:2 | 51736 ||| FLEEEEING.
 51737 | Depths:2 | 51737 ||| FLEEEEING.
 51738 | Depths:2 | 51738 ||| FLEEEEING.
 51739 | Depths:2 | 51739 ||| FLEEEEING.
 51740 | Depths:2 | 51740 ||| FLEEEEING.
 51741 | Depths:2 | 51741 ||| FLEEEEING.
 51742 | Depths:2 | 51742 ||| FLEEEEING.
 51749 | Depths:2 | 51749 ||| FLEEEEING.
 51750 | Depths:2 | 51750 ||| FLEEEEING.
 51751 | Depths:2 | 51751 ||| FLEEEEING.
 51752 | Depths:2 | 51752 ||| FLEEEEING.
 51753 | Depths:2 | 51753 ||| FLEEEEING.
 51754 | Depths:2 | 51754 ||| FLEEEEING.
 51755 | Depths:2 | 51755 ||| FLEEEEING.
 51756 | Depths:2 | 51756 ||| FLEEEEING.
 51966 | Depths:2 | 51966 ||| Stepping ~*~*~tactically~*~*~ (stealth).
 52038 | Depths:2 | 52038 ||| Stepping ~*~*~tactically~*~*~ (stealth).
 52046 | Depths:2 | 52046 ||| Stepping randomly (cloudy).
 52047 | Depths:2 | 52047 ||| Stepping ~*~*~tactically~*~*~ (cloud).
 52106 | Depths:2 | 52106 ||| Stepping ~*~*~tactically~*~*~ (stealth).
 52108 | Depths:2 | 52108 ||| Stepping ~*~*~tactically~*~*~ (hiding).
 52111 | Depths:2 | 52111 ||| Stepping ~*~*~tactically~*~*~ (stealth).
 52131 | Depths:2 | Paralysed by a floating eye for 3 turns
 52152 | Depths:2 | Paralysed by a floating eye for 3 turns
 52161 | Depths:2 | Gained mutation: You are frail. (-10% HP) [a shining eye]
 52162 | Depths:2 | 52162 ||| DRINKING 15 potions of curing.
 52162 | Depths:2 | 52162 ||| (to cure confusion)
 52171 | Depths:2 | 52171 ||| DRINKING 14 potions of curing.
 52171 | Depths:2 | 52171 ||| (to cure confusion)
 52213 | Depths:2 | 52213 ||| FLEEEEING.
 52214 | Depths:2 | 52214 ||| FLEEEEING.
 52342 | Depths:2 | 52342 ||| DRINKING 6 potions of mutation.
 52342 | Depths:2 | Lost mutation: You are frail. (-10% HP) [potion of
                  | mutation]
 52342 | Depths:2 | Gained mutation: Your flesh is heat resistant. (rF+)
                  | [potion of mutation]
 52400 | Depths:2 | Paralysed by an air elemental for 1 turns
 52402 | Depths:2 | Paralysed by an air elemental for 1 turns
 52407 | Depths:2 | 52407 ||| INVOKING Brothers in Arms.
 52413 | Depths:2 | 52413 ||| INVOKING Berserk.
 52599 | Depths:2 | 52599 ||| Stepping ~*~*~tactically~*~*~ (stealth).
 52600 | Depths:2 | 52600 ||| Stepping ~*~*~tactically~*~*~ (stealth).
 52601 | Depths:2 | 52601 ||| Stepping ~*~*~tactically~*~*~ (stealth).
 52602 | Depths:2 | 52602 ||| Stepping ~*~*~tactically~*~*~ (stealth).
 52614 | Depths:2 | 52614 ||| Stepping ~*~*~tactically~*~*~ (hiding).
 52623 | Depths:2 | 52623 ||| INVOKING Brothers in Arms.
 52655 | Depths:2 | 52655 ||| FLEEEEING.
 52656 | Depths:2 | 52656 ||| FLEEEEING.
 52771 | Depths:2 | 52771 ||| Stepping ~*~*~tactically~*~*~ (stealth).
 52804 | Depths:2 | 52804 ||| Stepping ~*~*~tactically~*~*~ (hiding).
 52969 | Depths:2 | Identified the +2 short sword of the Battered Ziggurats
                  | {spect, Fly Str+7 Dex-5 SInv}
 52988 | Depths:2 | 52988 ||| INVOKING Brothers in Arms.
 52989 | Depths:2 | 52989 ||| INVOKING Brothers in Arms.
 52997 | Depths:2 | 52997 ||| INVOKING Berserk.
 53001 | Depths:2 | Gained mutation: Armour fits poorly on your strangely
                  | shaped body. [a neqoxec]
 53132 | Depths:2 | 53132 ||| DRINKING 7 potions of mutation.
 53132 | Depths:2 | Lost mutation: Armour fits poorly on your strangely shaped
                  | body. [potion of mutation]
 53132 | Depths:2 | Lost mutation: Your flesh is heat resistant. (rF+) [potion
                  | of mutation]
 53132 | Depths:2 | Gained mutation: You are weak. (Str -2) [potion of
                  | mutation]
 53132 | Depths:2 | Gained mutation: You have hidden genetic potential. [potion
                  | of mutation]
 53132 | Depths:2 | Gained mutation: You passively map a small area around you.
                  | [potion of mutation]
 53138 | Depths:2 | Found a one-way gate to the infinite horrors of the Abyss.
 53218 | Depths:2 | 53218 ||| INVOKING Brothers in Arms.
 53219 | Depths:2 | 53219 ||| INVOKING Brothers in Arms.
 53220 | Depths:2 | 53220 ||| DROPPING amulet of faith.
 53221 | Depths:2 | 53221 ||| DROPPING +6 ring of intelligence.
 53222 | Depths:2 | 53222 ||| READING 16 scrolls of teleportation.
 53223 | Depths:2 | 53223 ||| Waiting to end mesmerise (stuck).
 53224 | Depths:2 | 53224 ||| Waiting to end mesmerise (stuck).
 53225 | Depths:2 | 53225 ||| Waiting to end mesmerise (stuck).
 53226 | Depths:2 | 53226 ||| Waiting to end mesmerise (stuck).
 53236 | Depths:2 | 53236 ||| Stepping ~*~*~tactically~*~*~ (stealth).
 53237 | Depths:2 | 53237 ||| Stepping ~*~*~tactically~*~*~ (stealth).
 53239 | Depths:2 | 53239 ||| Stepping ~*~*~tactically~*~*~ (hiding).
 53310 | Depths:2 | 53310 ||| Stepping ~*~*~tactically~*~*~ (hiding).
 53997 | Depths:2 | 53997 ||| INVOKING Brothers in Arms.
 54017 | Depths:3 | 54017 ||| INVOKING Berserk.
 54098 | Depths:3 | 54098 ||| Stepping ~*~*~tactically~*~*~ (hiding).
 54099 | Depths:3 | 54099 ||| Stepping ~*~*~tactically~*~*~ (hiding).
 54101 | Depths:3 | 54101 ||| Stepping ~*~*~tactically~*~*~ (hiding).
 54106 | Depths:3 | 54106 ||| DRINKING 13 potions of curing.
 54106 | Depths:3 | 54106 ||| (to cure confusion)
 54152 | Depths:3 | 54152 ||| FLEEEEING.
 54153 | Depths:3 | 54153 ||| FLEEEEING.
 54239 | Depths:3 | 54239 ||| INVOKING Berserk.
 54266 | Depths:3 | 54266 ||| Stepping ~*~*~tactically~*~*~ (stealth).
 54270 | Depths:3 | 54270 ||| DRINKING 12 potions of curing.
 54270 | Depths:3 | 54270 ||| (to cure confusion)
 54315 | Depths:3 | 54315 ||| FLEEEEING.
 54317 | Depths:3 | 54317 ||| INVOKING Berserk.
 54683 | Depths:3 | Found Gybajufe's Assorted Antiques.
 54692 | Depths:3 | 54692 ||| BUYING potion of curing (108 gold).
 54692 | Depths:3 | Bought a potion of curing for 108 gold pieces
 54692 | Depths:3 | 54692 ||| BUYING potion of haste (360 gold).
 54692 | Depths:3 | Bought a potion of haste for 360 gold pieces
 54692 | Depths:3 | 54692 ||| BUYING scroll of teleportation (108 gold).
 54692 | Depths:3 | Bought a scroll of teleportation for 108 gold pieces
 54692 | Depths:3 | 54692 ||| BUYING twisted hat (324 gold).
 54692 | Depths:3 | Bought a twisted hat for 324 gold pieces
 54692 | Depths:3 | Identified the +2 hat of Happiness {rN+} (You bought it in
                  | a shop on level 3 of the Depths)
 54700 | Depths:3 | Noticed a juggernaut
 54704 | Depths:3 | 54704 ||| INVOKING Berserk.
 54715 | Depths:3 | Killed a juggernaut
 54831 | Depths:3 | 54831 ||| READING scroll of enchant weapon.
 54831 | Depths:3 | 54831 ||| ENCHANTING +8 broad axe of freezing.
 54853 | Depths:3 | 54853 ||| INVOKING Trog's Hand.
 54856 | Depths:3 | 54856 ||| INVOKING Berserk.
 54987 | Depths:3 | 54987 ||| Stepping ~*~*~tactically~*~*~ (hiding).
 54990 | Depths:3 | 54990 ||| INVOKING Berserk.
 55076 | Depths:3 | 55076 ||| INVOKING Berserk.
 55491 | Depths:3 | Found a corrupted altar of Lugonu.
 55549 | Depths:3 | 55549 ||| INVOKING Berserk.
 55805 | Depths:3 | Found a one-way gateway to a ziggurat.
 56061 | Depths:3 | 56061 ||| Stepping ~*~*~tactically~*~*~ (hiding).
 56066 | Depths:3 | Reached skill level 25 in Fighting
 56070 | Depths:3 | 56070 ||| INVOKING Berserk.
 56083 | Depths:3 | Noticed a golden dragon
 56090 | Depths:3 | Killed a golden dragon
 56093 | Depths:3 | HP: 16/217 [walking frostbound tome (41)]
 56094 | Depths:3 | 56094 ||| READING 16 scrolls of teleportation.
 56095 | Depths:3 | 56095 ||| DRINKING 6 potions of heal wounds.
 56096 | Depths:3 | 56096 ||| DRINKING 5 potions of heal wounds.
 56436 | Depths:3 | 56436 ||| Stepping ~*~*~tactically~*~*~ (stealth).
 56441 | Depths:3 | HP: 32/217 [living spell/iceblast[a walking frostbound
                  | tome] (26)]
 56441 | Depths:3 | Killed from afar by a living spell

Levels and vault maps discovered:
D:1:      dpeg_arrival_lava_temple_mockup, layout_loops_corners, chequers_avenue
D:2:      layout_loops_corners, nicolae_ecumenical_lake_church,
          amcnicky_mini_pool_small, minmay_hexomino_f4, uniq_sigmund
D:3:      layout_rooms, gup_sewer_entry_spiral, serial_bayou_pond_c,
          chequers_serial_rivers_micro_c
D:4:      layout_basic
D:5:      layout_loops_ring, amcnicky_altar_gilded,
          minmay_temple_entry_statues_fountains, minmay_quadrilaterals
D:6:      layout_layer_cave
D:7:      layout_layer_cave
D:8:      cheibrodos_steamvent, layout_basic, lair_entry_dummy,
          kennysheep_generic_room_12, uniq_psyche, uniq_erica
D:9:      layout_loops_ring, david_orc_2
D:10:     layout_stronghold, small_statue_intersection, minivault_8
D:11:     layout_layer_cave, gammafunk_ghost_hydra_chop, uniq_gastronok,
          uniq_snorg
D:12:     layout_basic, fedhas_ov_isle_minmay
D:13:     layout_basic, serial_shops, shop, special_room [special_room_bee]
D:14:     layout_loops_ring, hangedman_vaults_entry_quadrant_bands,
          portal_ice_cave_entry_pillars_2
D:15:     grunt_enter_depths_hoard, layout_stronghold, old_standard_altar,
          serial_shops, shop_fountains, nicolae_lava_and_water
Lair:1:   layout_roguey, infiniplex_staircase_pool_2
Lair:2:   layout_loops_ring, minmay_shoals_entry_hut, dummy_snake_entry
Lair:3:   layout_long_grid, lemuel_old_faithful
Lair:4:   layout_cave_pods, slime_entry_1, grunt_megastairs_2
Lair:5:   gammafunk_lair_ancient_temple, layout_concentric_octagons,
          infiniplex_staircase_pool
Shoals:1: layout_shoals, nicolae_shoals_sun_and_surf, uniq_nikola
Shoals:2: cheibrodos_shoals_gigantism, layout_shoals
Shoals:3: layout_shoals
Shoals:4: shoals_end_hellmonk_storm_palace [storm_palace_center_ruins,
          storm_palace_corner_pillars, storm_palace_corner_blocked,
          storm_palace_corner_narrow, storm_palace_corner_altar]
Snake:1:  gammafunk_the_bubble [the_bubble_gammafunk_crates],
          layout_grid_shapes, ebering_ghost_rock_garden
Snake:2:  layout_honeycomb
Snake:3:  layout_onion_interference
Snake:4:  minmay_snake_end_coiled, layout_layer_cave, grunt_ministairs_2,
          grunt_megastairs_3, serial_bayou_shore_a, uniq_aizul
Orc:1:    layout_diamond_mine, uniq_nergalle
Orc:2:    st_orc_open, layout_diamond_mine, serial_shops, nicolae_shop_trees,
          uniq_saint_roka
Vaults:1: hangedman_vaults_slither, grunt_vaults_hallway_short, v_misc_27,
          nicolae_vaults_triangles, vaults_mumra_hexcomb, special_room_vaults
          [special_room_orc], ontoclasm_vaults_chip, vaults_room_octagon,
          v_misc_8, vaults_room_stairs_pillars, vaults_mumra_hex,
          vaults_room_pools, layout_vaults_omnigrid
Vaults:2: minmay_crypt_entry_simple_statues, v_misc_4, vaults_room_fours,
          v_misc_25, grunt_vaults_hallway_short, v_rooms_3, vaults_room_fours,
          layout_vaults_big_room
Vaults:3: vaults_dpeg_cross, nicolae_vaults_little_squares_4, v_pattern_5,
          nicolae_vaults_octagons, nicolae_vaults_mini_display_case, v_rooms_5,
          vaults_room_boxed, nicolae_vaults_yaktaur_gun_rack,
          vaults_room_corners, ontoclasm_vaults_hangar, layout_vaults_big_cross
Vaults:4: st_eye, hangedman_vaults_stitches, v_misc_18, v_misc_22,
          grunt_vaults_focal, nicolae_vaults_theta, v_alt_pattern_1,
          grunt_vaults_hallway_short, v_pattern_2, layout_vaults_maze_snakey
Depths:1: layout_roguey, yredelemnul_altar_generic, hell_entry,
          grunt_pan_entry_spiral, minivault_16, hangedman_stitches_earthworm
Depths:2: radiant_caverns_b_rkd, hell_entry, abyss_entry, pan_entry
Depths:3: minmay_broken_ring, layout_cave_pools, enter_ziggurat_a,
          pf_coc_iceberg, abyss_entry_flame_altar, serial_co_window_serial,
          co_window_paths_a, co_window_paths_b, co_window_corner_a,
          co_window_paths_b, co_window_paths_a, co_window_corner_b,
          co_window_paths_c, co_window_2corner, co_window_of_opportunity_b,
          co_window_4corner_b, glass_columns_a, glass_columns_a,
          glass_columns_b, glass_columns_b, serial_shops, shop_statue,
          kennysheep_generic_room_7

Skill      XL: |  1  2  3  4  5  6  7  8  9 10 11 12 13 14 15 16 17 18 19 20 21 |
---------------+----------------------------------------------------------------+-----
Axes           | 4 5 7 8 10 12 13 15 16 18 | 18.0
Fighting       | 4 5 8 9 14 15 18 20 22 23 25 | 25.0
Shields        | 2 3 4 6 7 8 10 11 15 18 19 20 21 22 | 22.1
Throwing       | 1 2 3 5 10 11 13 14 | 14.0
Armour         | 4 5 6 8 10 12 14 16 18 20 21 23 | 23.0
Dodging        | 3 5 9 11 | 11.1

Action                   |  1- 3 |  4- 6 |  7- 9 | 10-12 | 13-15 | 16-18 | 19-21 || total
-------------------------+-------+-------+-------+-------+-------+-------+-------++-------
Melee: Hand axe          |    92 |   119 |    96 |       |       |       |       ||   307
       Headbutt          |    12 |    19 |    39 |    58 |   321 |   265 |   406 ||  1120
       Punch             |     1 |     1 |       |       |       |       |       ||     2
       War axe           |       |       |    95 |   268 |   985 |       |       ||  1348
       Morningstar       |       |       |       |       |     3 |       |       ||     3
       Broad axe         |       |       |       |       |   151 |  1153 |  1380 ||  2684
Throw: Boomerang         |       |    56 |    53 |    64 |    99 |    46 |     1 ||   319
       Javelin           |       |       |       |       |       |    53 |   152 ||   205
Invok: Berserk           |     2 |     1 |     8 |    15 |    29 |    35 |    31 ||   121
       Trog's Hand       |       |       |       |     6 |     4 |    13 |    20 ||    43
       Brothers in Arms  |       |       |       |       |     8 |    11 |    16 ||    35
  Use: Scroll            |     1 |     9 |     4 |     9 |     7 |     4 |     5 ||    39
       Potion            |       |     3 |     2 |     5 |     1 |     4 |    10 ||    25
 Stab: Distracted        |       |       |       |       |       |       |     1 ||     1
Armor: Animal skin       |    11 |       |       |       |       |       |       ||    11
       Ring mail         |    17 |    52 |       |       |       |       |       ||    69
       Scale mail        |       |     2 |    14 |       |   265 |     4 |       ||   285
       Chain mail        |       |       |    56 |   130 |    48 |       |       ||   234
       Plate armour      |       |       |       |       |       |   310 |   446 ||   756
Dodge: Dodged            |    52 |    46 |    61 |   105 |   552 |   273 |   347 ||  1436
Block: Buckler           |       |     9 |    28 |    62 |   156 |       |       ||   255
       Tower shield      |       |       |       |       |   317 |  1108 |  1304 ||  2729
       Reflection        |       |       |       |       |       |   103 |    99 ||   202

Table legend:
 A = Non-vault XP
 B = Vault XP
 C = Vault XP percentage of total XP
 D = Non-vault monster count
 E = Vault monster count
 F = Vault count percentage of total count
                 A         B        C        D         E       F
            +---------+---------+-------+---------+---------+-------
      Total |  401545 |  284769 |  41.5 |     975 |     542 |  35.7
            +---------+---------+-------+---------+---------+-------
        D:1 |      38 |       0 |   0.0 |      23 |       0 |   0.0
        D:2 |      35 |     220 |  86.3 |      17 |       5 |  22.7
        D:3 |      35 |      48 |  57.8 |      14 |       7 |  33.3
        D:4 |     213 |       0 |   0.0 |      17 |       0 |   0.0
        D:5 |     476 |     230 |  32.6 |       9 |       6 |  40.0
        D:6 |     554 |       0 |   0.0 |       8 |       0 |   0.0
        D:7 |     469 |       0 |   0.0 |      15 |       0 |   0.0
        D:8 |    4286 |    1711 |  28.5 |      30 |       6 |  16.7
        D:9 |    3927 |      15 |   0.4 |      27 |       5 |  15.6
       D:10 |    5221 |    1403 |  21.2 |      28 |       4 |  12.5
       D:11 |    6997 |    2331 |  25.0 |      19 |       2 |   9.5
       D:12 |    7895 |       0 |   0.0 |      30 |       0 |   0.0
       D:13 |    6582 |    2472 |  27.3 |      15 |      25 |  62.5
       D:14 |   12481 |    4240 |  25.4 |      29 |      15 |  34.1
       D:15 |    9829 |    1758 |  15.2 |      16 |       2 |  11.1
     Lair:1 |    2593 |       0 |   0.0 |      14 |       0 |   0.0
     Lair:2 |    4419 |     253 |   5.4 |      23 |       1 |   4.2
     Lair:3 |    7976 |       0 |   0.0 |      17 |       0 |   0.0
     Lair:4 |   10532 |     157 |   1.5 |      34 |       1 |   2.9
     Lair:5 |   12320 |    9919 |  44.6 |      32 |      23 |  41.8
   Shoals:1 |   14569 |    5532 |  27.5 |      27 |       6 |  18.2
   Shoals:2 |    7148 |    3920 |  35.4 |      13 |       4 |  23.5
   Shoals:3 |   16887 |       0 |   0.0 |      40 |       0 |   0.0
   Shoals:4 |    5693 |   24494 |  81.1 |      11 |      53 |  82.8
    Snake:1 |   14403 |       0 |   0.0 |      28 |       0 |   0.0
    Snake:2 |    6434 |       0 |   0.0 |       9 |       0 |   0.0
    Snake:3 |   18803 |       0 |   0.0 |      38 |       0 |   0.0
    Snake:4 |   23763 |   22978 |  49.2 |      43 |      43 |  50.0
      Orc:1 |    2901 |     785 |  21.3 |      28 |       1 |   3.4
      Orc:2 |    2390 |   18771 |  88.7 |      37 |      50 |  57.5
   Vaults:1 |    9987 |   29831 |  74.9 |      16 |      62 |  79.5
   Vaults:2 |   25233 |   17641 |  41.1 |      36 |      25 |  41.0
   Vaults:3 |   45216 |   28365 |  38.5 |      65 |      39 |  37.5
   Vaults:4 |   27816 |   23408 |  45.7 |      43 |      30 |  41.1
   Depths:1 |   39821 |   15019 |  27.4 |      51 |      23 |  31.1
   Depths:2 |       0 |   52750 | 100.0 |       0 |      87 | 100.0
   Depths:3 |   23938 |   16377 |  40.6 |      32 |      11 |  25.6
    Abyss:1 |    2806 |       0 |   0.0 |       7 |       0 |   0.0
    Abyss:2 |   16859 |       0 |   0.0 |      34 |       0 |   0.0
      Sewer |       0 |     141 | 100.0 |       0 |       6 | 100.0
            +---------+---------+-------+---------+---------+-------
